Workbook

Sheet Cover
B2: Micron Technology, Inc.
B3: Cover
B4: $ millions, except per share
B5: Period | C5: 4Q25A | D5: FY25A | E5: 1Q26A | F5: 2Q26A | G5: 3Q26A | H5: 4Q26E
B6: Period end | C6: 45897 | D6: 45897 | E6: 45988 | F6: 46079 | G6: 46170 | H6: 46268
B7: Days in period | C7: 91 | D7: 364 | E7: 91 | F7: 91 | G7: 91 | H7: 98
B8: Company Model — built by Shortcut
B10: Company | C10: Micron Technology, Inc.
B11: Ticker | C11: MU
B12: Exchange | C12: Nasdaq Global Select Market
B13: Fiscal year end | C13: Thursday closest to Aug 31
B14: Reporting currency | C14: USD
B15: EPS basis | C15: Normalized diluted per common share
B16: Information cutoff UTC | C16: 2026-09-26T18:44:22Z
B17: Expected report date | C17: 46295
B18: CapIQ captured date | C18: 2026-09-24 (date only)
B19: Issuer actual FY26 year end | C19: 2026-09-03 (53-week FY)
B20: CapIQ target month-end label | C20: 2026-08-31 (issuer closes Sep 03)
B21: FQ4 2026 FORECAST VS 24 SEP CONSENSUS | J21: Notes
B22: Metric | C22: Estimate | D22: Consensus | E22: Variance | F22: Guide midpoint | G22: vs guidance | J22: Issuer does not guide net income; Sep 03 is the true 14-week fiscal close; CapIQ uses Aug 31 label.
B23: Revenue ($m) | C23: ='Income Statement'!H10 -> 51480.783 | D23: =Inputs!C46 -> 51250.26 | E23: =C23-D23 -> 230.52289 | F23: =Guidance!H31 -> 50000 | G23: =C23-F23 -> 1480.7829
B24: Normalized net income ($m) | C24: ='Income Statement'!H45 -> 36493.711 | D24: =Inputs!C56 -> 35951.27 | E24: =C24-D24 -> 542.44096 | F24: unavailable
B25: Normalized diluted EPS | C25: ='Income Statement'!H48 -> 31.651094 | D25: =Inputs!C29 -> 31.6 | E25: =C25-D25 -> 0.051093631 | F25: =Guidance!H37 -> 31 | G25: =C25-F25 -> 0.65109363
B26: GAAP net income ($m) | C26: ='Income Statement'!H32 -> 36193.711 | D26: =Inputs!C57 -> 36026.28 | E26: =C26-D26 -> 167.43096 | F26: unavailable
B27: GAAP diluted EPS | C27: ='Income Statement'!H33 -> 31.500184 | D27: =Inputs!C38 -> 31.58 | E27: =C27-D27 -> -0.0798164 | F27: =Guidance!H36 -> 30.73 | G27: =C27-F27 -> 0.7701836
B28: Sourced actual + forecast BS checks | C28: =IF(AND(ABS('Revenue summary'!C60)<0.01,ABS('Revenue summary'!D60)<0.01,ABS('Revenue summary'!E60)<0.01,ABS('Revenue summary'!F60)<0.01,ABS('Revenue summary'!G60)<0.01,ABS('Revenue summary'!C32)<0.01,ABS('Revenue summary'!D32)<0.01,ABS('Revenue summary'!E32)<0.01,ABS('Revenue summary'!F32)<0.01,ABS('Revenue summary'!G32)<0.01,ABS(Geo!D43)<0.01,ABS('Balance Sheet'!H42)<0.01,ABS('Income Statement'!H36)<0.01,ABS(C29)<0.01,ABS(C30)<0.01),"PASS","FAIL") -> PASS
B29: Cover-statement revenue check | C29: =C23-'Income Statement'!H10 -> 0
B30: Cover-statement EPS check | C30: =C25-'Income Statement'!H48 -> 0
B31: P(beat consensus EPS) | C31: =Inputs!L47 -> 0.57
B32: Confidence | C32: =Inputs!L61 -> medium

Sheet Revenue summary
B2: Micron Technology, Inc.
B3: Revenue summary
B4: $ millions, except per share
B5: Period | C5: 4Q25A | D5: FY25A | E5: 1Q26A | F5: 2Q26A | G5: 3Q26A | H5: 4Q26E
B6: Period end | C6: 45897 | D6: 45897 | E6: 45988 | F6: 46079 | G6: 46170 | H6: 46268
B7: Days in period | C7: 91 | D7: 364 | E7: 91 | F7: 91 | G7: 91 | H7: 98
B9: REVENUE BY MEMORY TECHNOLOGY | J9: Notes
B10: DRAM products | C10: 8984 | D10: 28578 | E10: 10812 | F10: 18768 | G10: 31328 | H10: =G10*(1+Inputs!L54)*H7/G7 -> 38798.523
B11: % Y/Y | D11: =IFERROR(D10/Inputs!N84-1,0) -> 0.62347327 | E11: =IFERROR(E10/Inputs!N81-1,0) -> 0.689375 | F11: =IFERROR(F10/Inputs!N82-1,0) -> 2.0651641 | G11: =IFERROR(G10/Inputs!N83-1,0) -> 3.4304907 | H11: =H10/C10-1 -> 3.3186246
B12: % Q/Q | E12: =IFERROR(E10/C10-1,0) -> 0.20347284 | F12: =IFERROR(F10/E10-1,0) -> 0.73584906 | G12: =IFERROR(G10/F10-1,0) -> 0.66922421 | H12: =H10/G10-1 -> 0.23846154
B13: Organic Y/Y | D13: =(1+D16)/((1+D14)*(1+D15))-1 -> 0.62347327 | E13: =(1+E16)/((1+E14)*(1+E15))-1 -> 0.689375 | F13: =(1+F16)/((1+F14)*(1+F15))-1 -> 2.0651641 | G13: =(1+G16)/((1+G14)*(1+G15))-1 -> 3.4304907 | H13: =(1+H16)/((1+H14)*(1+H15))-1 -> 3.3186246
B14: M&A / scope Y/Y | D14: =Inputs!L48 -> 0 | E14: =Inputs!L48 -> 0 | F14: =Inputs!L48 -> 0 | G14: =Inputs!L48 -> 0
B15: FX Y/Y | D15: =Inputs!L49 -> 0 | E15: =Inputs!L49 -> 0 | F15: =Inputs!L49 -> 0 | G15: =Inputs!L49 -> 0
B16: Total Y/Y | D16: =D11 -> 0.62347327 | E16: =E11 -> 0.689375 | F16: =F11 -> 2.0651641 | G16: =G11 -> 3.4304907 | H16: =H10/C10-1 -> 3.3186246
B17: NAND products | C17: 2252 | D17: 8503 | E17: 2743 | F17: 4997 | G17: 9943 | H17: =G17*(1+Inputs!L55)*H7/G7 -> 12528.18
B18: % Y/Y | D18: =IFERROR(D17/Inputs!O84-1,0) -> 0.17656012 | E18: =IFERROR(E17/Inputs!O81-1,0) -> 0.22400714 | F18: =IFERROR(F17/Inputs!O82-1,0) -> 1.6938005 | G18: =IFERROR(G17/Inputs!O83-1,0) -> 3.6139211 | H18: =H17/C17-1 -> 4.563135
B19: % Q/Q | E19: =IFERROR(E17/C17-1,0) -> 0.21802842 | F19: =IFERROR(F17/E17-1,0) -> 0.82172803 | G19: =IFERROR(G17/F17-1,0) -> 0.98979388 | H19: =H17/G17-1 -> 0.26
B20: Organic Y/Y | D20: =(1+D23)/((1+D21)*(1+D22))-1 -> 0.17656012 | E20: =(1+E23)/((1+E21)*(1+E22))-1 -> 0.22400714 | F20: =(1+F23)/((1+F21)*(1+F22))-1 -> 1.6938005 | G20: =(1+G23)/((1+G21)*(1+G22))-1 -> 3.6139211 | H20: =(1+H23)/((1+H21)*(1+H22))-1 -> 4.563135
B21: M&A / scope Y/Y | D21: =Inputs!L48 -> 0 | E21: =Inputs!L48 -> 0 | F21: =Inputs!L48 -> 0 | G21: =Inputs!L48 -> 0
B22: FX Y/Y | D22: =Inputs!L49 -> 0 | E22: =Inputs!L49 -> 0 | F22: =Inputs!L49 -> 0 | G22: =Inputs!L49 -> 0
B23: Total Y/Y | D23: =D18 -> 0.17656012 | E23: =E18 -> 0.22400714 | F23: =F18 -> 1.6938005 | G23: =G18 -> 3.6139211 | H23: =H17/C17-1 -> 4.563135
B24: Other products (primarily NOR) | C24: 79 | D24: 297 | E24: 88 | F24: 95 | G24: 185 | H24: =H53-SUM(H10,H17) -> 154.07981
B25: % Y/Y | D25: =IFERROR(D24/Inputs!P84-1,0) -> 0.056939502 | E25: =IFERROR(E24/Inputs!P81-1,0) -> 0.29411765 | F25: =IFERROR(F24/Inputs!P82-1,0) -> 0.26666667 | G25: =IFERROR(G24/Inputs!P83-1,0) -> 1.4666667 | H25: =H24/C24-1 -> 0.95037736
B26: % Q/Q | E26: =IFERROR(E24/C24-1,0) -> 0.11392405 | F26: =IFERROR(F24/E24-1,0) -> 0.079545455 | G26: =IFERROR(G24/F24-1,0) -> 0.94736842 | H26: =H24/G24-1 -> -0.16713615
B27: Organic Y/Y | D27: =(1+D30)/((1+D28)*(1+D29))-1 -> 0.056939502 | E27: =(1+E30)/((1+E28)*(1+E29))-1 -> 0.29411765 | F27: =(1+F30)/((1+F28)*(1+F29))-1 -> 0.26666667 | G27: =(1+G30)/((1+G28)*(1+G29))-1 -> 1.4666667 | H27: =(1+H30)/((1+H28)*(1+H29))-1 -> 0.95037736
B28: M&A / scope Y/Y | D28: =Inputs!L48 -> 0 | E28: =Inputs!L48 -> 0 | F28: =Inputs!L48 -> 0 | G28: =Inputs!L48 -> 0
B29: FX Y/Y | D29: =Inputs!L49 -> 0 | E29: =Inputs!L49 -> 0 | F29: =Inputs!L49 -> 0 | G29: =Inputs!L49 -> 0
B30: Total Y/Y | D30: =D25 -> 0.056939502 | E30: =E25 -> 0.29411765 | F30: =F25 -> 0.26666667 | G30: =G25 -> 1.4666667 | H30: =H24/C24-1 -> 0.95037736
B31: Technology revenue subtotal | C31: =SUM(C10,C17,C24) -> 11315 | D31: =SUM(D10,D17,D24) -> 37378 | E31: =SUM(E10,E17,E24) -> 13643 | F31: =SUM(F10,F17,F24) -> 23860 | G31: =SUM(G10,G17,G24) -> 41456 | H31: =SUM(H10,H17,H24) -> 51480.783
B32: Technology vs segments check | C32: =C31-C53 -> 0 | D32: =D31-D53 -> 0 | E32: =E31-E53 -> 0 | F32: =F31-F53 -> 0 | G32: =G31-G53 -> 0 | H32: =H31-H53 -> 0 | J32: FY25/FY26 prior-quarter technology amounts are separately reported; forecast NOR is the residual of assumed DRAM and NAND to constructed unit revenue; Q4 zero is an allocation identity.
B33: REVENUE BY REPORTABLE SEGMENT
B34: Cloud Memory | C34: ='Segment - Cloud Memory'!C20 -> 4543 | D34: ='Segment - Cloud Memory'!D20 -> 13524 | E34: ='Segment - Cloud Memory'!E20 -> 5284 | F34: ='Segment - Cloud Memory'!F20 -> 7749 | G34: ='Segment - Cloud Memory'!G20 -> 13769 | H34: ='Segment - Cloud Memory'!H20 -> 17293.112
B35: % Y/Y | C35: =IFERROR(C34/Inputs!Q85-1,0) -> 2.1352657 | D35: =IFERROR(D34/Inputs!Q84-1,0) -> 2.5664557 | E35: =IFERROR(E34/Inputs!Q81-1,0) -> 0.99546828 | F35: =IFERROR(F34/Inputs!Q82-1,0) -> 1.6294537 | G35: =IFERROR(G34/Inputs!Q83-1,0) -> 3.0664501 | H35: =H34/C34-1 -> 2.8065402
B36: % Q/Q | E36: =IFERROR(E34/C34-1,0) -> 0.16310808 | F36: =IFERROR(F34/E34-1,0) -> 0.46650265 | G36: =IFERROR(G34/F34-1,0) -> 0.77687444 | H36: =H34/G34-1 -> 0.25594538
B37: % of total | C37: =IFERROR(C34/C53,0) -> 0.40150243 | D37: =IFERROR(D34/D53,0) -> 0.36181711 | E37: =IFERROR(E34/E53,0) -> 0.38730484 | F37: =IFERROR(F34/F53,0) -> 0.32476949 | G37: =IFERROR(G34/G53,0) -> 0.33213528 | H37: =H34/H53 -> 0.33591393
B38: Core Data Center | C38: ='Segment - Core Data Center'!C20 -> 1577 | D38: ='Segment - Core Data Center'!D20 -> 7229 | E38: ='Segment - Core Data Center'!E20 -> 2379 | F38: ='Segment - Core Data Center'!F20 -> 5687 | G38: ='Segment - Core Data Center'!G20 -> 11524 | H38: ='Segment - Core Data Center'!H20 -> 14430.699
B39: % Y/Y | C39: =IFERROR(C38/Inputs!R85-1,0) -> -0.22998047 | D39: =IFERROR(D38/Inputs!R84-1,0) -> 0.45044141 | E39: =IFERROR(E38/Inputs!R81-1,0) -> 0.037958115 | F39: =IFERROR(F38/Inputs!R82-1,0) -> 2.1076503 | G39: =IFERROR(G38/Inputs!R83-1,0) -> 6.5320261 | H39: =H38/C38-1 -> 8.1507283
B40: % Q/Q | E40: =IFERROR(E38/C38-1,0) -> 0.50856056 | F40: =IFERROR(F38/E38-1,0) -> 1.3905002 | G40: =IFERROR(G38/F38-1,0) -> 1.0263759 | H40: =H38/G38-1 -> 0.25223
B41: % of total | C41: =IFERROR(C38/C53,0) -> 0.13937251 | D41: =IFERROR(D38/D53,0) -> 0.19340254 | E41: =IFERROR(E38/E53,0) -> 0.17437514 | F41: =IFERROR(F38/F53,0) -> 0.2383487 | G41: =IFERROR(G38/G53,0) -> 0.27798147 | H41: =H38/H53 -> 0.28031234
B42: Mobile and Client | C42: ='Segment - Mobile and Client'!C20 -> 3760 | D42: ='Segment - Mobile and Client'!D20 -> 11859 | E42: ='Segment - Mobile and Client'!E20 -> 4255 | F42: ='Segment - Mobile and Client'!F20 -> 7711 | G42: ='Segment - Mobile and Client'!G20 -> 11521 | H42: ='Segment - Mobile and Client'!H20 -> 14051.933
B43: % Y/Y | C43: =IFERROR(C42/Inputs!S85-1,0) -> 0.24544551 | D43: =IFERROR(D42/Inputs!S84-1,0) -> 0.016456673 | E43: =IFERROR(E42/Inputs!S81-1,0) -> 0.6315184 | F43: =IFERROR(F42/Inputs!S82-1,0) -> 2.4485689 | G43: =IFERROR(G42/Inputs!S83-1,0) -> 2.5394777 | H43: =H42/C42-1 -> 2.7372163
B44: % Q/Q | E44: =IFERROR(E42/C42-1,0) -> 0.13164894 | F44: =IFERROR(F42/E42-1,0) -> 0.81222092 | G44: =IFERROR(G42/F42-1,0) -> 0.49409934 | H44: =H42/G42-1 -> 0.21968
B45: % of total | C45: =IFERROR(C42/C53,0) -> 0.33230225 | D45: =IFERROR(D42/D53,0) -> 0.31727219 | E45: =IFERROR(E42/E53,0) -> 0.31188155 | F45: =IFERROR(F42/F53,0) -> 0.32317687 | G45: =IFERROR(G42/G53,0) -> 0.27790911 | H45: =H42/H53 -> 0.27295493
B46: Automotive and Embedded | C46: ='Segment - Automotive & Embedded'!C20 -> 1434 | D46: ='Segment - Automotive & Embedded'!D20 -> 4753 | E46: ='Segment - Automotive & Embedded'!E20 -> 1720 | F46: ='Segment - Automotive & Embedded'!F20 -> 2708 | G46: ='Segment - Automotive & Embedded'!G20 -> 4634 | H46: ='Segment - Automotive & Embedded'!H20 -> 5695.4391
B47: % Y/Y | C47: =IFERROR(C46/Inputs!T85-1,0) -> 0.16585366 | D47: =IFERROR(D46/Inputs!T84-1,0) -> 0.026344202 | E47: =IFERROR(E46/Inputs!T81-1,0) -> 0.48531952 | F47: =IFERROR(F46/Inputs!T82-1,0) -> 1.6189555 | G47: =IFERROR(G46/Inputs!T83-1,0) -> 3.1118012 | H47: =H46/C46-1 -> 2.9717148
B48: % Q/Q | E48: =IFERROR(E46/C46-1,0) -> 0.19944212 | F48: =IFERROR(F46/E46-1,0) -> 0.5744186 | G48: =IFERROR(G46/F46-1,0) -> 0.711226 | H48: =H46/G46-1 -> 0.22905462
B49: % of total | C49: =IFERROR(C46/C53,0) -> 0.12673442 | D49: =IFERROR(D46/D53,0) -> 0.12716036 | E49: =IFERROR(E46/E53,0) -> 0.12607198 | F49: =IFERROR(F46/F53,0) -> 0.11349539 | G49: =IFERROR(G46/G53,0) -> 0.11178117 | H49: =H46/H53 -> 0.11063233
B50: All other | C50: 1 | D50: 13 | E50: 5 | F50: 5 | G50: 8 | H50: =G50*(1+Inputs!L18) -> 9.6
B51: % Y/Y | C51: =IFERROR(C50/Inputs!U85-1,0) -> -0.75 | D51: =IFERROR(D50/Inputs!U84-1,0) -> -0.64864865 | E51: =IFERROR(E50/Inputs!U81-1,0) -> 0.66666667 | F51: =IFERROR(F50/Inputs!U82-1,0) -> -0.16666667 | G51: =IFERROR(G50/Inputs!U83-1,0) -> 1.6666667 | H51: =H50/C50-1 -> 8.6
B52: % Q/Q | E52: =IFERROR(E50/C50-1,0) -> 4 | F52: =IFERROR(F50/E50-1,0) -> 0 | G52: =IFERROR(G50/F50-1,0) -> 0.6 | H52: =H50/G50-1 -> 0.2
B53: Total consolidated revenue | C53: =SUM(C34,C38,C42,C46,C50) -> 11315 | D53: =SUM(D34,D38,D42,D46,D50) -> 37378 | E53: =SUM(E34,E38,E42,E46,E50) -> 13643 | F53: =SUM(F34,F38,F42,F46,F50) -> 23860 | G53: =SUM(G34,G38,G42,G46,G50) -> 41456 | H53: =SUM(H34,H38,H42,H46,H50) -> 51480.783
B54: % Y/Y | C54: =IFERROR(C53/Inputs!V85-1,0) -> 0.46 | D54: =IFERROR(D53/Inputs!V84-1,0) -> 0.48851101 | E54: =IFERROR(E53/Inputs!V81-1,0) -> 0.56654036 | F54: =IFERROR(F53/Inputs!V82-1,0) -> 1.962871 | G54: =IFERROR(G53/Inputs!V83-1,0) -> 3.4571551 | H54: =H53/C53-1 -> 3.549782
B55: % Q/Q | E55: =IFERROR(E53/C53-1,0) -> 0.20574459 | F55: =IFERROR(F53/E53-1,0) -> 0.74888221 | G55: =IFERROR(G53/F53-1,0) -> 0.73746857 | H55: =H53/G53-1 -> 0.24181742
B56: Organic Y/Y | C56: =(1+C59)/((1+C57)*(1+C58))-1 -> 0.46 | D56: =(1+D59)/((1+D57)*(1+D58))-1 -> 0.48851101 | E56: =(1+E59)/((1+E57)*(1+E58))-1 -> 0.56654036 | F56: =(1+F59)/((1+F57)*(1+F58))-1 -> 1.962871 | G56: =(1+G59)/((1+G57)*(1+G58))-1 -> 3.4571551 | H56: =(1+H59)/((1+H57)*(1+H58))-1 -> 3.549782
B57: M&A / scope Y/Y | C57: =Inputs!L48 -> 0 | D57: =Inputs!L48 -> 0 | E57: =Inputs!L48 -> 0 | F57: =Inputs!L48 -> 0 | G57: =Inputs!L48 -> 0
B58: FX Y/Y | C58: =Inputs!L49 -> 0 | D58: =Inputs!L49 -> 0 | E58: =Inputs!L49 -> 0 | F58: =Inputs!L49 -> 0 | G58: =Inputs!L49 -> 0
B59: Total Y/Y | C59: =C54 -> 0.46 | D59: =D54 -> 0.48851101 | E59: =E54 -> 0.56654036 | F59: =F54 -> 1.962871 | G59: =G54 -> 3.4571551 | H59: =H53/C53-1 -> 3.549782
B60: Segment total vs reported / FY26 construction | C60: =C53-Inputs!H12 -> 0 | D60: =D53-Inputs!L86 -> 0 | E60: =E53-Inputs!H13 -> 0 | F60: =F53-Inputs!H14 -> 0 | G60: =G53-Inputs!H15 -> 0 | H60: =H53-H65 -> 0 | J60: C:G reconciles independently to CapIQ revenue / audited FY25 revenue Inputs!L86; H compares two modeled sums and is only a construction identity.
B61: Data center segment subtotal | C61: =SUM(C34,C38) -> 6120 | D61: =SUM(D34,D38) -> 20753 | E61: =SUM(E34,E38) -> 7663 | F61: =SUM(F34,F38) -> 13436 | G61: =SUM(G34,G38) -> 25293 | H61: =SUM(H34,H38) -> 31723.811
B62: % of total | C62: =C61/C53 -> 0.54087494 | D62: =D61/D53 -> 0.55521965 | E62: =E61/E53 -> 0.56167998 | F62: =F61/F53 -> 0.56311819 | G62: =G61/G53 -> 0.61011675 | H62: =H61/H53 -> 0.61622626
B63: Consumer + auto segment subtotal | C63: =SUM(C42,C46) -> 5194 | D63: =SUM(D42,D46) -> 16612 | E63: =SUM(E42,E46) -> 5975 | F63: =SUM(F42,F46) -> 10419 | G63: =SUM(G42,G46) -> 16155 | H63: =SUM(H42,H46) -> 19747.372
B64: % of total | C64: =C63/C53 -> 0.45903668 | D64: =D63/D53 -> 0.44443255 | E64: =E63/E53 -> 0.43795353 | F64: =F63/F53 -> 0.43667225 | G64: =G63/G53 -> 0.38969027 | H64: =H63/H53 -> 0.38358726
B65: All-business-unit revenue | C65: =SUM(C34,C38,C42,C46,C50) -> 11315 | D65: =SUM(D34,D38,D42,D46,D50) -> 37378 | E65: =SUM(E34,E38,E42,E46,E50) -> 13643 | F65: =SUM(F34,F38,F42,F46,F50) -> 23860 | G65: =SUM(G34,G38,G42,G46,G50) -> 41456 | H65: =SUM(H34,H38,H42,H46,H50) -> 51480.783
B66: Reconcile sum of segment shares | C66: =SUM(C37,C41,C45,C49,C50/C53)-1 -> 0 | D66: =SUM(D37,D41,D45,D49,D50/D53)-1 -> 0 | E66: =SUM(E37,E41,E45,E49,E50/E53)-1 -> 0 | F66: =SUM(F37,F41,F45,F49,F50/F53)-1 -> 0 | G66: =SUM(G37,G41,G45,G49,G50/G53)-1 -> 0 | H66: =SUM(H37,H41,H45,H49,H50/H53)-1 -> 0
B67: All other: % of total revenue | C67: =C50/C53 -> 8.8378259e-05 | D67: =D50/D53 -> 0.00034779817 | E67: =E50/E53 -> 0.00036648831 | F67: =F50/F53 -> 0.00020955574 | G67: =G50/G53 -> 0.00019297569 | H67: =H50/H53 -> 0.00018647735
B68: SEGMENT REVENUE GROWTH DECOMPOSITION
B69: Cloud Memory — revenue growth | C69: =C35 -> 2.1352657 | D69: =D35 -> 2.5664557 | E69: =E35 -> 0.99546828 | F69: =F35 -> 1.6294537 | G69: =G35 -> 3.0664501 | H69: =H34/C34-1 -> 2.8065402
B70: Organic Y/Y | C70: =(1+C69)/((1+C71)*(1+C72))-1 -> 2.1352657 | D70: =(1+D69)/((1+D71)*(1+D72))-1 -> 2.5664557 | E70: =(1+E69)/((1+E71)*(1+E72))-1 -> 0.99546828 | F70: =(1+F69)/((1+F71)*(1+F72))-1 -> 1.6294537 | G70: =(1+G69)/((1+G71)*(1+G72))-1 -> 3.0664501 | H70: =(1+H69)/((1+H71)*(1+H72))-1 -> 2.8065402
B71: M&A / scope Y/Y | C71: =Inputs!L48 -> 0 | D71: =Inputs!L48 -> 0 | E71: =Inputs!L48 -> 0 | F71: =Inputs!L48 -> 0 | G71: =Inputs!L48 -> 0
B72: FX impact Y/Y | C72: =Inputs!L49 -> 0 | D72: =Inputs!L49 -> 0 | E72: =Inputs!L49 -> 0 | F72: =Inputs!L49 -> 0 | G72: =Inputs!L49 -> 0
B73: Total Y/Y | C73: =C69 -> 2.1352657 | D73: =D69 -> 2.5664557 | E73: =E69 -> 0.99546828 | F73: =F69 -> 1.6294537 | G73: =G69 -> 3.0664501 | H73: =H69 -> 2.8065402
B75: Core Data Center — revenue growth | C75: =C39 -> -0.22998047 | D75: =D39 -> 0.45044141 | E75: =E39 -> 0.037958115 | F75: =F39 -> 2.1076503 | G75: =G39 -> 6.5320261 | H75: =H38/C38-1 -> 8.1507283
B76: Organic Y/Y | C76: =(1+C75)/((1+C77)*(1+C78))-1 -> -0.22998047 | D76: =(1+D75)/((1+D77)*(1+D78))-1 -> 0.45044141 | E76: =(1+E75)/((1+E77)*(1+E78))-1 -> 0.037958115 | F76: =(1+F75)/((1+F77)*(1+F78))-1 -> 2.1076503 | G76: =(1+G75)/((1+G77)*(1+G78))-1 -> 6.5320261 | H76: =(1+H75)/((1+H77)*(1+H78))-1 -> 8.1507283
B77: M&A / scope Y/Y | C77: =Inputs!L48 -> 0 | D77: =Inputs!L48 -> 0 | E77: =Inputs!L48 -> 0 | F77: =Inputs!L48 -> 0 | G77: =Inputs!L48 -> 0
B78: FX impact Y/Y | C78: =Inputs!L49 -> 0 | D78: =Inputs!L49 -> 0 | E78: =Inputs!L49 -> 0 | F78: =Inputs!L49 -> 0 | G78: =Inputs!L49 -> 0
B79: Total Y/Y | C79: =C75 -> -0.22998047 | D79: =D75 -> 0.45044141 | E79: =E75 -> 0.037958115 | F79: =F75 -> 2.1076503 | G79: =G75 -> 6.5320261 | H79: =H75 -> 8.1507283
B81: Mobile and Client — revenue growth | C81: =C43 -> 0.24544551 | D81: =D43 -> 0.016456673 | E81: =E43 -> 0.6315184 | F81: =F43 -> 2.4485689 | G81: =G43 -> 2.5394777 | H81: =H42/C42-1 -> 2.7372163
B82: Organic Y/Y | C82: =(1+C81)/((1+C83)*(1+C84))-1 -> 0.24544551 | D82: =(1+D81)/((1+D83)*(1+D84))-1 -> 0.016456673 | E82: =(1+E81)/((1+E83)*(1+E84))-1 -> 0.6315184 | F82: =(1+F81)/((1+F83)*(1+F84))-1 -> 2.4485689 | G82: =(1+G81)/((1+G83)*(1+G84))-1 -> 2.5394777 | H82: =(1+H81)/((1+H83)*(1+H84))-1 -> 2.7372163
B83: M&A / scope Y/Y | C83: =Inputs!L48 -> 0 | D83: =Inputs!L48 -> 0 | E83: =Inputs!L48 -> 0 | F83: =Inputs!L48 -> 0 | G83: =Inputs!L48 -> 0
B84: FX impact Y/Y | C84: =Inputs!L49 -> 0 | D84: =Inputs!L49 -> 0 | E84: =Inputs!L49 -> 0 | F84: =Inputs!L49 -> 0 | G84: =Inputs!L49 -> 0
B85: Total Y/Y | C85: =C81 -> 0.24544551 | D85: =D81 -> 0.016456673 | E85: =E81 -> 0.6315184 | F85: =F81 -> 2.4485689 | G85: =G81 -> 2.5394777 | H85: =H81 -> 2.7372163
B87: Automotive and Embedded — revenue growth | C87: =C47 -> 0.16585366 | D87: =D47 -> 0.026344202 | E87: =E47 -> 0.48531952 | F87: =F47 -> 1.6189555 | G87: =G47 -> 3.1118012 | H87: =H46/C46-1 -> 2.9717148
B88: Organic Y/Y | C88: =(1+C87)/((1+C89)*(1+C90))-1 -> 0.16585366 | D88: =(1+D87)/((1+D89)*(1+D90))-1 -> 0.026344202 | E88: =(1+E87)/((1+E89)*(1+E90))-1 -> 0.48531952 | F88: =(1+F87)/((1+F89)*(1+F90))-1 -> 1.6189555 | G88: =(1+G87)/((1+G89)*(1+G90))-1 -> 3.1118012 | H88: =(1+H87)/((1+H89)*(1+H90))-1 -> 2.9717148
B89: M&A / scope Y/Y | C89: =Inputs!L48 -> 0 | D89: =Inputs!L48 -> 0 | E89: =Inputs!L48 -> 0 | F89: =Inputs!L48 -> 0 | G89: =Inputs!L48 -> 0
B90: FX impact Y/Y | C90: =Inputs!L49 -> 0 | D90: =Inputs!L49 -> 0 | E90: =Inputs!L49 -> 0 | F90: =Inputs!L49 -> 0 | G90: =Inputs!L49 -> 0
B91: Total Y/Y | C91: =C87 -> 0.16585366 | D91: =D87 -> 0.026344202 | E91: =E87 -> 0.48531952 | F91: =F87 -> 1.6189555 | G91: =G87 -> 3.1118012 | H91: =H87 -> 2.9717148
B93: All other — revenue growth | C93: =C51 -> -0.75 | D93: =D51 -> -0.64864865 | E93: =E51 -> 0.66666667 | F93: =F51 -> -0.16666667 | G93: =G51 -> 1.6666667 | H93: =H50/C50-1 -> 8.6
B94: Organic Y/Y | C94: =(1+C93)/((1+C95)*(1+C96))-1 -> -0.75 | D94: =(1+D93)/((1+D95)*(1+D96))-1 -> -0.64864865 | E94: =(1+E93)/((1+E95)*(1+E96))-1 -> 0.66666667 | F94: =(1+F93)/((1+F95)*(1+F96))-1 -> -0.16666667 | G94: =(1+G93)/((1+G95)*(1+G96))-1 -> 1.6666667 | H94: =(1+H93)/((1+H95)*(1+H96))-1 -> 8.6
B95: M&A / scope Y/Y | C95: =Inputs!L48 -> 0 | D95: =Inputs!L48 -> 0 | E95: =Inputs!L48 -> 0 | F95: =Inputs!L48 -> 0 | G95: =Inputs!L48 -> 0
B96: FX impact Y/Y | C96: =Inputs!L49 -> 0 | D96: =Inputs!L49 -> 0 | E96: =Inputs!L49 -> 0 | F96: =Inputs!L49 -> 0 | G96: =Inputs!L49 -> 0
B97: Total Y/Y | C97: =C93 -> -0.75 | D97: =D93 -> -0.64864865 | E97: =E93 -> 0.66666667 | F97: =F93 -> -0.16666667 | G97: =G93 -> 1.6666667 | H97: =H93 -> 8.6
B100: ABSOLUTE SEQUENTIAL REVENUE & MIX
B101: DRAM Q/Q revenue change ($m) | E101: =E10-C10 -> 1828 | F101: =F10-E10 -> 7956 | G101: =G10-F10 -> 12560 | H101: =H10-G10 -> 7470.5231
B102: NAND Q/Q revenue change ($m) | E102: =E17-C17 -> 491 | F102: =F17-E17 -> 2254 | G102: =G17-F17 -> 4946 | H102: =H17-G17 -> 2585.18
B103: Other technology Q/Q change ($m) | E103: =E24-C24 -> 9 | F103: =F24-E24 -> 7 | G103: =G24-F24 -> 90 | H103: =H24-G24 -> -30.920188
B104: Cloud Memory Q/Q revenue change | E104: =E34-C34 -> 741 | F104: =F34-E34 -> 2465 | G104: =G34-F34 -> 6020 | H104: =H34-G34 -> 3524.112
B105: Cloud mix change (bps) | E105: =(E37-C37)*10000 -> -141.97585 | F105: =(F37-E37)*10000 -> -625.35356 | G105: =(G37-F37)*10000 -> 73.657873 | H105: =(H37-G37)*10000 -> 37.786521
B106: Core Data Center Q/Q change | E106: =E38-C38 -> 802 | F106: =F38-E38 -> 3308 | G106: =G38-F38 -> 5837 | H106: =H38-G38 -> 2906.6985
B107: Core mix change (bps) | E107: =(E41-C41)*10000 -> 350.02623 | F107: =(F41-E41)*10000 -> 639.73563 | G107: =(G41-F41)*10000 -> 396.32774 | H107: =(H41-G41)*10000 -> 23.308618
B108: Mobile and Client Q/Q change | E108: =E42-C42 -> 495 | F108: =F42-E42 -> 3456 | G108: =G42-F42 -> 3810 | H108: =H42-G42 -> 2530.9333
...

Sheet Segment - Cloud Memory
B2: Micron Technology, Inc.
B3: Segment - Cloud Memory
B4: $ millions, except per share
B5: Period | C5: 4Q25A | D5: FY25A | E5: 1Q26A | F5: 2Q26A | G5: 3Q26A | H5: 4Q26E
B6: Period end | C6: 45897 | D6: 45897 | E6: 45988 | F6: 46079 | G6: 46170 | H6: 46268
B7: Days in period | C7: 91 | D7: 364 | E7: 91 | F7: 91 | G7: 91 | H7: 98
B9: SHIPMENT & PRICING DRIVERS | J9: Notes
B10: Previous-quarter revenue | E10: =C20 -> 4543 | F10: =E20 -> 5284 | G10: =F20 -> 7749 | H10: =G20 -> 13769
B11: Daily revenue rate | H11: =H10/G7 -> 151.30769
B12: Days in forecast period | H12: =H7 -> 98
B13: Assumed bit shipment Q/Q (%) | H13: =Inputs!L10 -> 0.015
B14: Bit shipment change (bps) | H14: =H13*10000 -> 150
B15: Assumed blended ASP Q/Q (%) | H15: =Inputs!L11 -> 0.149
B16: ASP change (basis points) | H16: =H15*10000 -> 1490
B17: Calendar-adjusted base revenue | H17: =H11*H12 -> 14828.154
B18: Incremental bit volume revenue | H18: =H17*(H47/H43-1) -> 222.42231
B19: Incremental ASP revenue | H19: =(H17+H18)*(H51-1) -> 2242.5358
B20: Total segment revenue | C20: 4543 | D20: 13524 | E20: 5284 | F20: 7749 | G20: 13769 | H20: =SUM(H17:H19) -> 17293.112
B21: Revenue growth Y/Y | C21: =IFERROR(C20/Inputs!Q85-1,0) -> 2.1352657 | D21: =IFERROR(D20/Inputs!Q84-1,0) -> 2.5664557 | E21: =IFERROR(E20/Inputs!Q81-1,0) -> 0.99546828 | F21: =IFERROR(F20/Inputs!Q82-1,0) -> 1.6294537 | G21: =IFERROR(G20/Inputs!Q83-1,0) -> 3.0664501 | H21: =H20/C20-1 -> 2.8065402
B22: Revenue growth Q/Q | E22: =IFERROR(E20/C20-1,0) -> 0.16310808 | F22: =IFERROR(F20/E20-1,0) -> 0.46650265 | G22: =IFERROR(G20/F20-1,0) -> 0.77687444 | H22: =H20/G20-1 -> 0.25594538
B23: % of consolidated revenue | C23: =IFERROR(C20/'Revenue summary'!C53,0) -> 0.40150243 | D23: =IFERROR(D20/'Revenue summary'!D53,0) -> 0.36181711 | E23: =IFERROR(E20/'Revenue summary'!E53,0) -> 0.38730484 | F23: =IFERROR(F20/'Revenue summary'!F53,0) -> 0.32476949 | G23: =IFERROR(G20/'Revenue summary'!G53,0) -> 0.33213528 | H23: =IFERROR(H20/'Revenue summary'!H53,0) -> 0.33591393
B24: Organic growth Y/Y | C24: =(1+C27)/((1+C25)*(1+C26))-1 -> 2.1352657 | D24: =(1+D27)/((1+D25)*(1+D26))-1 -> 2.5664557 | E24: =(1+E27)/((1+E25)*(1+E26))-1 -> 0.99546828 | F24: =(1+F27)/((1+F25)*(1+F26))-1 -> 1.6294537 | G24: =(1+G27)/((1+G25)*(1+G26))-1 -> 3.0664501 | H24: =(1+H21)/((1+H25)*(1+H26))-1 -> 2.8065402
B25: M&A / scope growth Y/Y | C25: =Inputs!L48 -> 0 | D25: =Inputs!L48 -> 0 | E25: =Inputs!L48 -> 0 | F25: =Inputs!L48 -> 0 | G25: =Inputs!L48 -> 0 | H25: =Inputs!L48 -> 0
B26: FX impact Y/Y | C26: =Inputs!L49 -> 0 | D26: =Inputs!L49 -> 0 | E26: =Inputs!L49 -> 0 | F26: =Inputs!L49 -> 0 | G26: =Inputs!L49 -> 0 | H26: =Inputs!L49 -> 0
B27: Total revenue growth Y/Y | C27: =C21 -> 2.1352657 | D27: =D21 -> 2.5664557 | E27: =E21 -> 0.99546828 | F27: =F21 -> 1.6294537 | G27: =G21 -> 3.0664501 | H27: =H21 -> 2.8065402
B29: SEGMENT PROFITABILITY
B30: Cost of goods sold | C30: =D30-Inputs!N90 -> 1842 | D30: 5867 | E30: 1817 | F30: 2002 | G30: 2278 | H30: =H20*(1-Inputs!L50) -> 2559.3806
B31: Gross profit | C31: =C20-C30 -> 2701 | D31: =D20-D30 -> 7657 | E31: =E20-E30 -> 3467 | F31: =F20-F30 -> 5747 | G31: =G20-G30 -> 11491 | H31: =H20-H30 -> 14733.731
B32: Gross margin | C32: =C31/C20 -> 0.59454105 | D32: =IFERROR(D31/D20,0) -> 0.56617865 | E32: =IFERROR(E31/E20,0) -> 0.65613172 | F32: =IFERROR(F31/F20,0) -> 0.74164408 | G32: =IFERROR(G31/G20,0) -> 0.83455589 | H32: =H31/H20 -> 0.852
B33: Gross margin Δ (bps) | E33: =(E32-C32)*10000 -> 615.90666 | F33: =(F32-E32)*10000 -> 855.12365 | G33: =(G32-F32)*10000 -> 929.11803 | H33: =(H32-G32)*10000 -> 174.44114
B34: Research & development | C34: =D34-Inputs!N91 -> 464 | D34: 1315 | E34: 500 | F34: 536 | G34: 592 | H34: =G34*H7/G7 -> 637.53846
B35: Selling, general & admin. | C35: =D35-Inputs!N92 -> 67 | D35: 213 | E35: 83 | F35: 83 | G35: 108 | H35: =G35*H7/G7 -> 116.30769
B36: Other operating expenses | C36: =D36-Inputs!N93 -> 0 | D36: 0 | E36: 0 | F36: 1 | G36: -2 | H36: =G36 -> -2
B37: Operating profit | C37: =C31-SUM(C34:C36) -> 2170 | D37: =D31-SUM(D34:D36) -> 6129 | E37: =E31-SUM(E34:E36) -> 2884 | F37: =F31-SUM(F34:F36) -> 5127 | G37: =G31-SUM(G34:G36) -> 10793 | H37: =H31-SUM(H34:H36) -> 13981.885
B38: Operating margin | C38: =C37/C20 -> 0.47765794 | D38: =IFERROR(D37/D20,0) -> 0.45319432 | E38: =IFERROR(E37/E20,0) -> 0.54579864 | F38: =IFERROR(F37/F20,0) -> 0.66163376 | G38: =IFERROR(G37/G20,0) -> 0.7838623 | H38: =H37/H20 -> 0.80852337
B39: Operating margin Δ (bps) | E39: =(E38-C38)*10000 -> 681.40702 | F39: =(F38-E38)*10000 -> 1158.3512 | G39: =(G38-F38)*10000 -> 1222.2854 | H39: =(H38-G38)*10000 -> 246.61075
B40: Operating profit Y/Y | D40: =IFERROR(D37/Inputs!W84-1,0) -> 24.118852 | E40: =IFERROR(E37/Inputs!W81-1,0) -> 1.7054409 | F40: =IFERROR(F37/Inputs!W82-1,0) -> 2.8840909 | G40: =IFERROR(G37/Inputs!W83-1,0) -> 5.8614113 | H40: =H37/C37-1 -> 5.4432651
B41: Operating profit Q/Q | E41: =E37-C37 -> 714 | F41: =F37-E37 -> 2243 | G41: =G37-F37 -> 5666 | H41: =H37-G37 -> 3188.8853
B42: INDEXED VOLUME & REALISED PRICE (MODEL ONLY) | J42: Historic 4Q25 COGS, expenses and profit derive from audited FY25 segment totals less SEC FY25 nine-month comparative amounts; indexed forecast bit volume is not physical units.
B43: Opening shipment index | H43: =G47 -> 1
B44: Gross positive bit change | H44: =MAX(H43*H13,0) -> 0.015
B45: Negative bit change (not churn) | H45: =MIN(H43*H13,0) -> 0
B46: Net shipment-index change | H46: =SUM(H44:H45) -> 0.015
B47: Closing shipment index | G47: =Inputs!L64 -> 1 | H47: =H43+H46 -> 1.015
B48: Average shipment index | H48: =AVERAGE(H43,H47) -> 1.0075
B49: Index sequential change | H49: =H47-G47 -> 0.015
B50: Index sequential growth | H50: =H47/G47-1 -> 0.015
B51: Realised ASP price index (x) | G51: =Inputs!L64 -> 1 | H51: =Inputs!L64*(1+H15) -> 1.149
B52: ASP index sequential change (%) | H52: =H51-G51 -> 0.149
B53: Absolute unit shipments unavailable | G53: unavailable | H53: unavailable
B54: 4Q25 segment operating income recon | C54: =C37-(D37-Inputs!N94) -> 0
B55: Revenue Q/Q change ($m) | E55: =E20-C20 -> 741 | F55: =F20-E20 -> 2465 | G55: =G20-F20 -> 6020 | H55: =H20-G20 -> 3524.112
B56: Revenue mix Δ (bps) | E56: =(E23-C23)*10000 -> -141.97585 | F56: =(F23-E23)*10000 -> -625.35356 | G56: =(G23-F23)*10000 -> 73.657873 | H56: =(H23-G23)*10000 -> 37.786521
B57: Revenue Y/Y change ($m) | H57: =H20-C20 -> 12750.112

Sheet Segment - Core Data Center
B2: Micron Technology, Inc.
B3: Segment - Core Data Center
B4: $ millions, except per share
B5: Period | C5: 4Q25A | D5: FY25A | E5: 1Q26A | F5: 2Q26A | G5: 3Q26A | H5: 4Q26E
B6: Period end | C6: 45897 | D6: 45897 | E6: 45988 | F6: 46079 | G6: 46170 | H6: 46268
B7: Days in period | C7: 91 | D7: 364 | E7: 91 | F7: 91 | G7: 91 | H7: 98
B9: SHIPMENT & PRICING DRIVERS | J9: Notes
B10: Previous-quarter revenue | E10: =C20 -> 1577 | F10: =E20 -> 2379 | G10: =F20 -> 5687 | H10: =G20 -> 11524
B11: Daily revenue rate | H11: =H10/G7 -> 126.63736
B12: Days in forecast period | H12: =H7 -> 98
B13: Assumed bit shipment Q/Q (%) | H13: =Inputs!L12 -> 0.005
B14: Bit shipment change (bps) | H14: =H13*10000 -> 50
B15: Assumed blended ASP Q/Q (%) | H15: =Inputs!L13 -> 0.157
B16: ASP change (basis points) | H16: =H15*10000 -> 1570
B17: Calendar-adjusted base revenue | H17: =H11*H12 -> 12410.462
B18: Incremental bit volume revenue | H18: =H17*(H47/H43-1) -> 62.052308
B19: Incremental ASP revenue | H19: =(H17+H18)*(H51-1) -> 1958.1847
B20: Total segment revenue | C20: 1577 | D20: 7229 | E20: 2379 | F20: 5687 | G20: 11524 | H20: =SUM(H17:H19) -> 14430.699
B21: Revenue growth Y/Y | C21: =IFERROR(C20/Inputs!R85-1,0) -> -0.22998047 | D21: =IFERROR(D20/Inputs!R84-1,0) -> 0.45044141 | E21: =IFERROR(E20/Inputs!R81-1,0) -> 0.037958115 | F21: =IFERROR(F20/Inputs!R82-1,0) -> 2.1076503 | G21: =IFERROR(G20/Inputs!R83-1,0) -> 6.5320261 | H21: =H20/C20-1 -> 8.1507283
B22: Revenue growth Q/Q | E22: =IFERROR(E20/C20-1,0) -> 0.50856056 | F22: =IFERROR(F20/E20-1,0) -> 1.3905002 | G22: =IFERROR(G20/F20-1,0) -> 1.0263759 | H22: =H20/G20-1 -> 0.25223
B23: % of consolidated revenue | C23: =IFERROR(C20/'Revenue summary'!C53,0) -> 0.13937251 | D23: =IFERROR(D20/'Revenue summary'!D53,0) -> 0.19340254 | E23: =IFERROR(E20/'Revenue summary'!E53,0) -> 0.17437514 | F23: =IFERROR(F20/'Revenue summary'!F53,0) -> 0.2383487 | G23: =IFERROR(G20/'Revenue summary'!G53,0) -> 0.27798147 | H23: =IFERROR(H20/'Revenue summary'!H53,0) -> 0.28031234
B24: Organic growth Y/Y | C24: =(1+C27)/((1+C25)*(1+C26))-1 -> -0.22998047 | D24: =(1+D27)/((1+D25)*(1+D26))-1 -> 0.45044141 | E24: =(1+E27)/((1+E25)*(1+E26))-1 -> 0.037958115 | F24: =(1+F27)/((1+F25)*(1+F26))-1 -> 2.1076503 | G24: =(1+G27)/((1+G25)*(1+G26))-1 -> 6.5320261 | H24: =(1+H21)/((1+H25)*(1+H26))-1 -> 8.1507283
B25: M&A / scope growth Y/Y | C25: =Inputs!L48 -> 0 | D25: =Inputs!L48 -> 0 | E25: =Inputs!L48 -> 0 | F25: =Inputs!L48 -> 0 | G25: =Inputs!L48 -> 0 | H25: =Inputs!L48 -> 0
B26: FX impact Y/Y | C26: =Inputs!L49 -> 0 | D26: =Inputs!L49 -> 0 | E26: =Inputs!L49 -> 0 | F26: =Inputs!L49 -> 0 | G26: =Inputs!L49 -> 0 | H26: =Inputs!L49 -> 0
B27: Total revenue growth Y/Y | C27: =C21 -> -0.22998047 | D27: =D21 -> 0.45044141 | E27: =E21 -> 0.037958115 | F27: =F21 -> 2.1076503 | G27: =G21 -> 6.5320261 | H27: =H21 -> 8.1507283
B29: SEGMENT PROFITABILITY
B30: Cost of goods sold | C30: =D30-Inputs!O90 -> 923 | D30: 3995 | E30: 1157 | F30: 1461 | G30: 1537 | H30: =H20*(1-Inputs!L51) -> 1659.5303
B31: Gross profit | C31: =C20-C30 -> 654 | D31: =D20-D30 -> 3234 | E31: =E20-E30 -> 1222 | F31: =F20-F30 -> 4226 | G31: =G20-G30 -> 9987 | H31: =H20-H30 -> 12771.168
B32: Gross margin | C32: =C31/C20 -> 0.41471148 | D32: =IFERROR(D31/D20,0) -> 0.44736478 | E32: =IFERROR(E31/E20,0) -> 0.5136612 | F32: =IFERROR(F31/F20,0) -> 0.74309829 | G32: =IFERROR(G31/G20,0) -> 0.86662617 | H32: =H31/H20 -> 0.885
B33: Gross margin Δ (bps) | E33: =(E32-C32)*10000 -> 989.49725 | F33: =(F32-E32)*10000 -> 2294.3709 | G33: =(G32-F32)*10000 -> 1235.2788 | H33: =(H32-G32)*10000 -> 183.73829
B34: Research & development | C34: =D34-Inputs!O91 -> 220 | D34: 864 | E34: 291 | F34: 358 | G34: 391 | H34: =G34*H7/G7 -> 421.07692
B35: Selling, general & admin. | C35: =D35-Inputs!O92 -> 41 | D35: 188 | E35: 41 | F35: 57 | G35: 79 | H35: =G35*H7/G7 -> 85.076923
B36: Other operating expenses | C36: =D36-Inputs!O93 -> 2 | D36: 2 | E36: 0 | F36: 2 | G36: -2 | H36: =G36 -> -2
B37: Operating profit | C37: =C31-SUM(C34:C36) -> 391 | D37: =D31-SUM(D34:D36) -> 2180 | E37: =E31-SUM(E34:E36) -> 890 | F37: =F31-SUM(F34:F36) -> 3809 | G37: =G31-SUM(G34:G36) -> 9519 | H37: =H31-SUM(H34:H36) -> 12267.014
B38: Operating margin | C38: =C37/C20 -> 0.24793912 | D38: =IFERROR(D37/D20,0) -> 0.30156315 | E38: =IFERROR(E37/E20,0) -> 0.37410677 | F38: =IFERROR(F37/F20,0) -> 0.66977317 | G38: =IFERROR(G37/G20,0) -> 0.82601527 | H38: =H37/H20 -> 0.85006379
B39: Operating margin Δ (bps) | E39: =(E38-C38)*10000 -> 1261.6764 | F39: =(F38-E38)*10000 -> 2956.664 | G39: =(G38-F38)*10000 -> 1562.4211 | H39: =(H38-G38)*10000 -> 240.48522
B40: Operating profit Y/Y | D40: =IFERROR(D37/Inputs!X84-1,0) -> 7.5490196 | E40: =IFERROR(E37/Inputs!X81-1,0) -> 0.021814007 | F40: =IFERROR(F37/Inputs!X82-1,0) -> 5.2340426 | G40: =IFERROR(G37/Inputs!X83-1,0) -> 30.006515 | H40: =H37/C37-1 -> 30.373438
B41: Operating profit Q/Q | E41: =E37-C37 -> 499 | F41: =F37-E37 -> 2919 | G41: =G37-F37 -> 5710 | H41: =H37-G37 -> 2748.0143
B42: INDEXED VOLUME & REALISED PRICE (MODEL ONLY) | J42: Historic 4Q25 COGS, expenses and profit derive from audited FY25 segment totals less SEC FY25 nine-month comparative amounts; indexed forecast bit volume is not physical units.
B43: Opening shipment index | H43: =G47 -> 1
B44: Gross positive bit change | H44: =MAX(H43*H13,0) -> 0.005
B45: Negative bit change (not churn) | H45: =MIN(H43*H13,0) -> 0
B46: Net shipment-index change | H46: =SUM(H44:H45) -> 0.005
B47: Closing shipment index | G47: =Inputs!L64 -> 1 | H47: =H43+H46 -> 1.005
B48: Average shipment index | H48: =AVERAGE(H43,H47) -> 1.0025
B49: Index sequential change | H49: =H47-G47 -> 0.005
B50: Index sequential growth | H50: =H47/G47-1 -> 0.005
B51: Realised ASP price index (x) | G51: =Inputs!L64 -> 1 | H51: =Inputs!L64*(1+H15) -> 1.157
B52: ASP index sequential change (%) | H52: =H51-G51 -> 0.157
B53: Absolute unit shipments unavailable | G53: unavailable | H53: unavailable
B54: 4Q25 segment operating income recon | C54: =C37-(D37-Inputs!O94) -> 0
B55: Revenue Q/Q change ($m) | E55: =E20-C20 -> 802 | F55: =F20-E20 -> 3308 | G55: =G20-F20 -> 5837 | H55: =H20-G20 -> 2906.6985
B56: Revenue mix Δ (bps) | E56: =(E23-C23)*10000 -> 350.02623 | F56: =(F23-E23)*10000 -> 639.73563 | G56: =(G23-F23)*10000 -> 396.32774 | H56: =(H23-G23)*10000 -> 23.308618
B57: Revenue Y/Y change ($m) | H57: =H20-C20 -> 12853.699

Sheet Segment - Mobile and Client
B2: Micron Technology, Inc.
B3: Segment - Mobile and Client
B4: $ millions, except per share
B5: Period | C5: 4Q25A | D5: FY25A | E5: 1Q26A | F5: 2Q26A | G5: 3Q26A | H5: 4Q26E
B6: Period end | C6: 45897 | D6: 45897 | E6: 45988 | F6: 46079 | G6: 46170 | H6: 46268
B7: Days in period | C7: 91 | D7: 364 | E7: 91 | F7: 91 | G7: 91 | H7: 98
B9: SHIPMENT & PRICING DRIVERS | J9: Notes
B10: Previous-quarter revenue | E10: =C20 -> 3760 | F10: =E20 -> 4255 | G10: =F20 -> 7711 | H10: =G20 -> 11521
B11: Daily revenue rate | H11: =H10/G7 -> 126.6044
B12: Days in forecast period | H12: =H7 -> 98
B13: Assumed bit shipment Q/Q (%) | H13: =Inputs!L14 -> -0.01
B14: Bit shipment change (bps) | H14: =H13*10000 -> -100
B15: Assumed blended ASP Q/Q (%) | H15: =Inputs!L15 -> 0.144
B16: ASP change (basis points) | H16: =H15*10000 -> 1440
B17: Calendar-adjusted base revenue | H17: =H11*H12 -> 12407.231
B18: Incremental bit volume revenue | H18: =H17*(H47/H43-1) -> -124.07231
B19: Incremental ASP revenue | H19: =(H17+H18)*(H51-1) -> 1768.7748
B20: Total segment revenue | C20: 3760 | D20: 11859 | E20: 4255 | F20: 7711 | G20: 11521 | H20: =SUM(H17:H19) -> 14051.933
B21: Revenue growth Y/Y | C21: =IFERROR(C20/Inputs!S85-1,0) -> 0.24544551 | D21: =IFERROR(D20/Inputs!S84-1,0) -> 0.016456673 | E21: =IFERROR(E20/Inputs!S81-1,0) -> 0.6315184 | F21: =IFERROR(F20/Inputs!S82-1,0) -> 2.4485689 | G21: =IFERROR(G20/Inputs!S83-1,0) -> 2.5394777 | H21: =H20/C20-1 -> 2.7372163
B22: Revenue growth Q/Q | E22: =IFERROR(E20/C20-1,0) -> 0.13164894 | F22: =IFERROR(F20/E20-1,0) -> 0.81222092 | G22: =IFERROR(G20/F20-1,0) -> 0.49409934 | H22: =H20/G20-1 -> 0.21968
B23: % of consolidated revenue | C23: =IFERROR(C20/'Revenue summary'!C53,0) -> 0.33230225 | D23: =IFERROR(D20/'Revenue summary'!D53,0) -> 0.31727219 | E23: =IFERROR(E20/'Revenue summary'!E53,0) -> 0.31188155 | F23: =IFERROR(F20/'Revenue summary'!F53,0) -> 0.32317687 | G23: =IFERROR(G20/'Revenue summary'!G53,0) -> 0.27790911 | H23: =IFERROR(H20/'Revenue summary'!H53,0) -> 0.27295493
B24: Organic growth Y/Y | C24: =(1+C27)/((1+C25)*(1+C26))-1 -> 0.24544551 | D24: =(1+D27)/((1+D25)*(1+D26))-1 -> 0.016456673 | E24: =(1+E27)/((1+E25)*(1+E26))-1 -> 0.6315184 | F24: =(1+F27)/((1+F25)*(1+F26))-1 -> 2.4485689 | G24: =(1+G27)/((1+G25)*(1+G26))-1 -> 2.5394777 | H24: =(1+H21)/((1+H25)*(1+H26))-1 -> 2.7372163
B25: M&A / scope growth Y/Y | C25: =Inputs!L48 -> 0 | D25: =Inputs!L48 -> 0 | E25: =Inputs!L48 -> 0 | F25: =Inputs!L48 -> 0 | G25: =Inputs!L48 -> 0 | H25: =Inputs!L48 -> 0
B26: FX impact Y/Y | C26: =Inputs!L49 -> 0 | D26: =Inputs!L49 -> 0 | E26: =Inputs!L49 -> 0 | F26: =Inputs!L49 -> 0 | G26: =Inputs!L49 -> 0 | H26: =Inputs!L49 -> 0
B27: Total revenue growth Y/Y | C27: =C21 -> 0.24544551 | D27: =D21 -> 0.016456673 | E27: =E21 -> 0.6315184 | F27: =F21 -> 2.4485689 | G27: =G21 -> 2.5394777 | H27: =H21 -> 2.7372163
B29: SEGMENT PROFITABILITY
B30: Cost of goods sold | C30: =D30-Inputs!P90 -> 2390 | D30: 8650 | E30: 1970 | F30: 1657 | G30: 1463 | H30: =H20*(1-Inputs!L52) -> 1658.1281
B31: Gross profit | C31: =C20-C30 -> 1370 | D31: =D20-D30 -> 3209 | E31: =E20-E30 -> 2285 | F31: =F20-F30 -> 6054 | G31: =G20-G30 -> 10058 | H31: =H20-H30 -> 12393.805
B32: Gross margin | C32: =C31/C20 -> 0.3643617 | D32: =IFERROR(D31/D20,0) -> 0.27059617 | E32: =IFERROR(E31/E20,0) -> 0.53701528 | F32: =IFERROR(F31/F20,0) -> 0.78511218 | G32: =IFERROR(G31/G20,0) -> 0.8730145 | H32: =H31/H20 -> 0.882
B33: Gross margin Δ (bps) | E33: =(E32-C32)*10000 -> 1726.5357 | F33: =(F32-E32)*10000 -> 2480.969 | G33: =(G32-F32)*10000 -> 879.02318 | H33: =(H32-G32)*10000 -> 89.855047
B34: Research & development | C34: =D34-Inputs!P91 -> 165 | D34: 836 | E34: 176 | F34: 126 | G34: 107 | H34: =G34*H7/G7 -> 115.23077
B35: Selling, general & admin. | C35: =D35-Inputs!P92 -> 100 | D35: 390 | E35: 92 | F35: 90 | G35: 81 | H35: =G35*H7/G7 -> 87.230769
B36: Other operating expenses | C36: =D36-Inputs!P93 -> 1 | D36: 2 | E36: 0 | F36: 2 | G36: -3 | H36: =G36 -> -3
B37: Operating profit | C37: =C31-SUM(C34:C36) -> 1104 | D37: =D31-SUM(D34:D36) -> 1981 | E37: =E31-SUM(E34:E36) -> 2017 | F37: =F31-SUM(F34:F36) -> 5836 | G37: =G31-SUM(G34:G36) -> 9873 | H37: =H31-SUM(H34:H36) -> 12194.344
B38: Operating margin | C38: =C37/C20 -> 0.29361702 | D38: =IFERROR(D37/D20,0) -> 0.16704613 | E38: =IFERROR(E37/E20,0) -> 0.47403055 | F38: =IFERROR(F37/F20,0) -> 0.75684088 | G38: =IFERROR(G37/G20,0) -> 0.85695686 | H38: =H37/H20 -> 0.8678054
B39: Operating margin Δ (bps) | E39: =(E38-C38)*10000 -> 1804.1353 | F39: =(F38-E38)*10000 -> 2828.1032 | G39: =(G38-F38)*10000 -> 1001.1598 | H39: =(H38-G38)*10000 -> 108.48541
B40: Operating profit Y/Y | D40: =IFERROR(D37/Inputs!Y84-1,0) -> -1982 | E40: =IFERROR(E37/Inputs!Y81-1,0) -> 4.3218997 | F40: =IFERROR(F37/Inputs!Y82-1,0) -> 363.75 | G40: =IFERROR(G37/Inputs!Y83-1,0) -> 19.483402 | H40: =H37/C37-1 -> 10.045601
B41: Operating profit Q/Q | E41: =E37-C37 -> 913 | F41: =F37-E37 -> 3819 | G41: =G37-F37 -> 4037 | H41: =H37-G37 -> 2321.3436
B42: INDEXED VOLUME & REALISED PRICE (MODEL ONLY) | J42: Historic 4Q25 COGS, expenses and profit derive from audited FY25 segment totals less SEC FY25 nine-month comparative amounts; indexed forecast bit volume is not physical units.
B43: Opening shipment index | H43: =G47 -> 1
B44: Gross positive bit change | H44: =MAX(H43*H13,0) -> 0
B45: Negative bit change (not churn) | H45: =MIN(H43*H13,0) -> -0.01
B46: Net shipment-index change | H46: =SUM(H44:H45) -> -0.01
B47: Closing shipment index | G47: =Inputs!L64 -> 1 | H47: =H43+H46 -> 0.99
B48: Average shipment index | H48: =AVERAGE(H43,H47) -> 0.995
B49: Index sequential change | H49: =H47-G47 -> -0.01
B50: Index sequential growth | H50: =H47/G47-1 -> -0.01
B51: Realised ASP price index (x) | G51: =Inputs!L64 -> 1 | H51: =Inputs!L64*(1+H15) -> 1.144
B52: ASP index sequential change (%) | H52: =H51-G51 -> 0.144
B53: Absolute unit shipments unavailable | G53: unavailable | H53: unavailable
B54: 4Q25 segment operating income recon | C54: =C37-(D37-Inputs!P94) -> 0
B55: Revenue Q/Q change ($m) | E55: =E20-C20 -> 495 | F55: =F20-E20 -> 3456 | G55: =G20-F20 -> 3810 | H55: =H20-G20 -> 2530.9333
B56: Revenue mix Δ (bps) | E56: =(E23-C23)*10000 -> -204.20703 | F56: =(F23-E23)*10000 -> 112.95314 | G56: =(G23-F23)*10000 -> -452.67757 | H56: =(H23-G23)*10000 -> -49.541825
B57: Revenue Y/Y change ($m) | H57: =H20-C20 -> 10291.933

Sheet Segment - Automotive & Embedded
B2: Micron Technology, Inc.
B3: Segment - Automotive & Embedded
B4: $ millions, except per share
B5: Period | C5: 4Q25A | D5: FY25A | E5: 1Q26A | F5: 2Q26A | G5: 3Q26A | H5: 4Q26E
B6: Period end | C6: 45897 | D6: 45897 | E6: 45988 | F6: 46079 | G6: 46170 | H6: 46268
B7: Days in period | C7: 91 | D7: 364 | E7: 91 | F7: 91 | G7: 91 | H7: 98
B9: SHIPMENT & PRICING DRIVERS | J9: Notes
B10: Previous-quarter revenue | E10: =C20 -> 1434 | F10: =E20 -> 1720 | G10: =F20 -> 2708 | H10: =G20 -> 4634
B11: Daily revenue rate | H11: =H10/G7 -> 50.923077
B12: Days in forecast period | H12: =H7 -> 98
B13: Assumed bit shipment Q/Q (%) | H13: =Inputs!L16 -> -0.005
B14: Bit shipment change (bps) | H14: =H13*10000 -> -50
B15: Assumed blended ASP Q/Q (%) | H15: =Inputs!L17 -> 0.147
B16: ASP change (basis points) | H16: =H15*10000 -> 1470
B17: Calendar-adjusted base revenue | H17: =H11*H12 -> 4990.4615
B18: Incremental bit volume revenue | H18: =H17*(H47/H43-1) -> -24.952308
B19: Incremental ASP revenue | H19: =(H17+H18)*(H51-1) -> 729.92986
B20: Total segment revenue | C20: 1434 | D20: 4753 | E20: 1720 | F20: 2708 | G20: 4634 | H20: =SUM(H17:H19) -> 5695.4391
B21: Revenue growth Y/Y | C21: =IFERROR(C20/Inputs!T85-1,0) -> 0.16585366 | D21: =IFERROR(D20/Inputs!T84-1,0) -> 0.026344202 | E21: =IFERROR(E20/Inputs!T81-1,0) -> 0.48531952 | F21: =IFERROR(F20/Inputs!T82-1,0) -> 1.6189555 | G21: =IFERROR(G20/Inputs!T83-1,0) -> 3.1118012 | H21: =H20/C20-1 -> 2.9717148
B22: Revenue growth Q/Q | E22: =IFERROR(E20/C20-1,0) -> 0.19944212 | F22: =IFERROR(F20/E20-1,0) -> 0.5744186 | G22: =IFERROR(G20/F20-1,0) -> 0.711226 | H22: =H20/G20-1 -> 0.22905462
B23: % of consolidated revenue | C23: =IFERROR(C20/'Revenue summary'!C53,0) -> 0.12673442 | D23: =IFERROR(D20/'Revenue summary'!D53,0) -> 0.12716036 | E23: =IFERROR(E20/'Revenue summary'!E53,0) -> 0.12607198 | F23: =IFERROR(F20/'Revenue summary'!F53,0) -> 0.11349539 | G23: =IFERROR(G20/'Revenue summary'!G53,0) -> 0.11178117 | H23: =IFERROR(H20/'Revenue summary'!H53,0) -> 0.11063233
B24: Organic growth Y/Y | C24: =(1+C27)/((1+C25)*(1+C26))-1 -> 0.16585366 | D24: =(1+D27)/((1+D25)*(1+D26))-1 -> 0.026344202 | E24: =(1+E27)/((1+E25)*(1+E26))-1 -> 0.48531952 | F24: =(1+F27)/((1+F25)*(1+F26))-1 -> 1.6189555 | G24: =(1+G27)/((1+G25)*(1+G26))-1 -> 3.1118012 | H24: =(1+H21)/((1+H25)*(1+H26))-1 -> 2.9717148
B25: M&A / scope growth Y/Y | C25: =Inputs!L48 -> 0 | D25: =Inputs!L48 -> 0 | E25: =Inputs!L48 -> 0 | F25: =Inputs!L48 -> 0 | G25: =Inputs!L48 -> 0 | H25: =Inputs!L48 -> 0
B26: FX impact Y/Y | C26: =Inputs!L49 -> 0 | D26: =Inputs!L49 -> 0 | E26: =Inputs!L49 -> 0 | F26: =Inputs!L49 -> 0 | G26: =Inputs!L49 -> 0 | H26: =Inputs!L49 -> 0
B27: Total revenue growth Y/Y | C27: =C21 -> 0.16585366 | D27: =D21 -> 0.026344202 | E27: =E21 -> 0.48531952 | F27: =F21 -> 1.6189555 | G27: =G21 -> 3.1118012 | H27: =H21 -> 2.9717148
B29: SEGMENT PROFITABILITY
B30: Cost of goods sold | C30: =D30-Inputs!Q90 -> 987 | D30: 3566 | E30: 942 | F30: 859 | G30: 975 | H30: =H20*(1-Inputs!L53) -> 1110.6106
B31: Gross profit | C31: =C20-C30 -> 447 | D31: =D20-D30 -> 1187 | E31: =E20-E30 -> 778 | F31: =F20-F30 -> 1849 | G31: =G20-G30 -> 3659 | H31: =H20-H30 -> 4584.8285
B32: Gross margin | C32: =C31/C20 -> 0.31171548 | D32: =IFERROR(D31/D20,0) -> 0.24973701 | E32: =IFERROR(E31/E20,0) -> 0.45232558 | F32: =IFERROR(F31/F20,0) -> 0.68279173 | G32: =IFERROR(G31/G20,0) -> 0.78959862 | H32: =H31/H20 -> 0.805
B33: Gross margin Δ (bps) | E33: =(E32-C32)*10000 -> 1406.101 | F33: =(F32-E32)*10000 -> 2304.6615 | G33: =(G32-F32)*10000 -> 1068.0689 | H33: =(H32-G32)*10000 -> 154.01381
B34: Research & development | C34: =D34-Inputs!Q91 -> 105 | D34: 435 | E34: 97 | F34: 109 | G34: 96 | H34: =G34*H7/G7 -> 103.38462
B35: Selling, general & admin. | C35: =D35-Inputs!Q92 -> 51 | D35: 195 | E35: 54 | F35: 58 | G35: 70 | H35: =G35*H7/G7 -> 75.384615
B36: Other operating expenses | C36: =D36-Inputs!Q93 -> -1 | D36: 0 | E36: 0 | F36: 0 | G36: 0 | H36: =G36 -> 0
B37: Operating profit | C37: =C31-SUM(C34:C36) -> 292 | D37: =D31-SUM(D34:D36) -> 557 | E37: =E31-SUM(E34:E36) -> 627 | F37: =F31-SUM(F34:F36) -> 1682 | G37: =G31-SUM(G34:G36) -> 3493 | H37: =H31-SUM(H34:H36) -> 4406.0592
B38: Operating margin | C38: =C37/C20 -> 0.20362622 | D38: =IFERROR(D37/D20,0) -> 0.11718914 | E38: =IFERROR(E37/E20,0) -> 0.36453488 | F38: =IFERROR(F37/F20,0) -> 0.6211226 | G38: =IFERROR(G37/G20,0) -> 0.75377644 | H38: =H37/H20 -> 0.77361186
B39: Operating margin Δ (bps) | E39: =(E38-C38)*10000 -> 1609.0866 | F39: =(F38-E38)*10000 -> 2565.8772 | G39: =(G38-F38)*10000 -> 1326.5384 | H39: =(H38-G38)*10000 -> 198.35426
B40: Operating profit Y/Y | D40: =IFERROR(D37/Inputs!Z84-1,0) -> 0.28935185 | E40: =IFERROR(E37/Inputs!Z81-1,0) -> 7.0384615 | F40: =IFERROR(F37/Inputs!Z82-1,0) -> 26.57377 | G40: =IFERROR(G37/Inputs!Z83-1,0) -> 26.722222 | H40: =H37/C37-1 -> 14.089244
B41: Operating profit Q/Q | E41: =E37-C37 -> 335 | F41: =F37-E37 -> 1055 | G41: =G37-F37 -> 1811 | H41: =H37-G37 -> 913.05923
B42: INDEXED VOLUME & REALISED PRICE (MODEL ONLY) | J42: Historic 4Q25 COGS, expenses and profit derive from audited FY25 segment totals less SEC FY25 nine-month comparative amounts; indexed forecast bit volume is not physical units.
B43: Opening shipment index | H43: =G47 -> 1
B44: Gross positive bit change | H44: =MAX(H43*H13,0) -> 0
B45: Negative bit change (not churn) | H45: =MIN(H43*H13,0) -> -0.005
B46: Net shipment-index change | H46: =SUM(H44:H45) -> -0.005
B47: Closing shipment index | G47: =Inputs!L64 -> 1 | H47: =H43+H46 -> 0.995
B48: Average shipment index | H48: =AVERAGE(H43,H47) -> 0.9975
B49: Index sequential change | H49: =H47-G47 -> -0.005
B50: Index sequential growth | H50: =H47/G47-1 -> -0.005
B51: Realised ASP price index (x) | G51: =Inputs!L64 -> 1 | H51: =Inputs!L64*(1+H15) -> 1.147
B52: ASP index sequential change (%) | H52: =H51-G51 -> 0.147
B53: Absolute unit shipments unavailable | G53: unavailable | H53: unavailable
B54: 4Q25 segment operating income recon | C54: =C37-(D37-Inputs!Q94) -> 0
B55: Revenue Q/Q change ($m) | E55: =E20-C20 -> 286 | F55: =F20-E20 -> 988 | G55: =G20-F20 -> 1926 | H55: =H20-G20 -> 1061.4391
B56: Revenue mix Δ (bps) | E56: =(E23-C23)*10000 -> -6.6244503 | F56: =(F23-E23)*10000 -> -125.76589 | G56: =(G23-F23)*10000 -> -17.142242 | H56: =(H23-G23)*10000 -> -11.488331
B57: Revenue Y/Y change ($m) | H57: =H20-C20 -> 4261.4391

Sheet Income Statement
B2: Micron Technology, Inc.
B3: Income Statement
B4: $ millions, except per share
B5: Period | C5: 4Q25A | D5: FY25A | E5: 1Q26A | F5: 2Q26A | G5: 3Q26A | H5: 4Q26E
B6: Period end | C6: 45897 | D6: 45897 | E6: 45988 | F6: 46079 | G6: 46170 | H6: 46268
B7: Days in period | C7: 91 | D7: 364 | E7: 91 | F7: 91 | G7: 91 | H7: 98
B9: GAAP CONSOLIDATED STATEMENT
B10: Revenue | C10: ='Revenue summary'!C53 -> 11315 | D10: ='Revenue summary'!D53 -> 37378 | E10: ='Revenue summary'!E53 -> 13643 | F10: ='Revenue summary'!F53 -> 23860 | G10: ='Revenue summary'!G53 -> 41456 | H10: ='Revenue summary'!H53 -> 51480.783
B11: % Y/Y | C11: =C10/Inputs!V85-1 -> 0.46 | D11: =D10/Inputs!V84-1 -> 0.48851101 | E11: =E10/Inputs!V81-1 -> 0.56654036 | F11: =F10/Inputs!V82-1 -> 1.962871 | G11: =G10/Inputs!V83-1 -> 3.4571551 | H11: =H10/C10-1 -> 3.549782
B12: % Q/Q | E12: =IFERROR(E10/C10-1,0) -> 0.20574459 | F12: =IFERROR(F10/E10-1,0) -> 0.74888221 | G12: =IFERROR(G10/F10-1,0) -> 0.73746857 | H12: =IFERROR(H10/G10-1,0) -> 0.24181742
B13: Cost of goods sold | C13: 6261 | D13: 22505 | E13: 5997 | F13: 6105 | G13: 6400 | H13: =H10*(1-Inputs!L19) -> 7155.8288
B14: Gross profit | C14: =C10-C13 -> 5054 | D14: =D10-D13 -> 14873 | E14: =E10-E13 -> 7646 | F14: =F10-F13 -> 17755 | G14: =G10-G13 -> 35056 | H14: =H10-H13 -> 44324.954
B15: Gross margin | C15: =IFERROR(C14/C10,0) -> 0.44666372 | D15: =IFERROR(D14/D10,0) -> 0.39790786 | E15: =IFERROR(E14/E10,0) -> 0.56043392 | F15: =IFERROR(F14/F10,0) -> 0.74413244 | G15: =IFERROR(G14/G10,0) -> 0.84561945 | H15: =IFERROR(H14/H10,0) -> 0.861
B16: Gross margin Δ (bps) | E16: =(E15-C15)*10000 -> 1137.702 | F16: =(F15-E15)*10000 -> 1836.9852 | G16: =(G15-F15)*10000 -> 1014.8701 | H16: =(H15-G15)*10000 -> 153.80548
B17: Research & development | C17: 1047 | D17: 3798 | E17: 1171 | F17: 1250 | G17: 1316 | H17: =Inputs!L20 -> 1390
B18: Selling, general & admin. | C18: 314 | D18: 1205 | E18: 337 | F18: 344 | G18: 407 | H18: =Inputs!L21 -> 440
B19: Restructure and impairments | C19: 38 | D19: 39 | E19: 0 | F19: 0 | G19: 0 | H19: =Inputs!L29 -> 0
B20: Other operating expenses | C20: 1 | D20: 61 | E20: 2 | F20: 26 | G20: 15 | H20: =Inputs!L22 -> 30
B21: Total operating expenses | C21: =SUM(C17:C20) -> 1400 | D21: =SUM(D17:D20) -> 5103 | E21: =SUM(E17:E20) -> 1510 | F21: =SUM(F17:F20) -> 1620 | G21: =SUM(G17:G20) -> 1738 | H21: =SUM(H17:H20) -> 1860
B22: Operating income | C22: =C14-C21 -> 3654 | D22: =D14-D21 -> 9770 | E22: =E14-E21 -> 6136 | F22: =F14-F21 -> 16135 | G22: =G14-G21 -> 33318 | H22: =H14-H21 -> 42464.954
B23: Operating margin | C23: =IFERROR(C22/C10,0) -> 0.32293416 | D23: =IFERROR(D22/D10,0) -> 0.2613837 | E23: =IFERROR(E22/E10,0) -> 0.44975445 | F23: =IFERROR(F22/F10,0) -> 0.67623638 | G23: =IFERROR(G22/G10,0) -> 0.80369548 | H23: =IFERROR(H22/H10,0) -> 0.82487001
B24: Operating margin Δ (bps) | E24: =(E23-C23)*10000 -> 1268.2029 | F24: =(F23-E23)*10000 -> 2264.8193 | G24: =(G23-F23)*10000 -> 1274.5911 | H24: =(H23-G23)*10000 -> 211.74529
B25: Interest income | C25: 146 | D25: 496 | E25: 139 | F25: 155 | G25: 215 | H25: =Inputs!L23 -> 225
B26: Interest expense (negative) | C26: -124 | D26: -477 | E26: -74 | F26: -32 | G26: 0 | H26: =Inputs!L24 -> 0
B27: Other nonoperating income (expense) | C27: -45 | D27: -135 | E27: -140 | F27: -98 | G27: -321 | H27: =Inputs!L25 -> -115
B28: Income before income taxes | C28: =C22+SUM(C25:C27) -> 3631 | D28: =D22+SUM(D25:D27) -> 9654 | E28: =E22+SUM(E25:E27) -> 6061 | F28: =F22+SUM(F25:F27) -> 16160 | G28: =G22+SUM(G25:G27) -> 33212 | H28: =H22+SUM(H25:H27) -> 42574.954
B29: Income tax expense (negative) | C29: -429 | D29: -1124 | E29: -829 | F29: -2371 | G29: -4978 | H29: =-H28*Inputs!L27 -> -6386.2431
B30: Effective tax rate | C30: =IFERROR(-C29/C28,0) -> 0.11814927 | D30: =IFERROR(-D29/D28,0) -> 0.11642842 | E30: =IFERROR(-E29/E28,0) -> 0.13677611 | F30: =IFERROR(-F29/F28,0) -> 0.1467203 | G30: =IFERROR(-G29/G28,0) -> 0.14988558 | H30: =IFERROR(-H29/H28,0) -> 0.15
B31: Equity method earnings (loss) | C31: -1 | D31: 9 | E31: 8 | F31: -4 | G31: 9 | H31: =Inputs!L26 -> 5
B32: GAAP net income | C32: =SUM(C28:C29,C31) -> 3201 | D32: =SUM(D28:D29,D31) -> 8539 | E32: =SUM(E28:E29,E31) -> 5240 | F32: =SUM(F28:F29,F31) -> 13785 | G32: =SUM(G28:G29,G31) -> 28243 | H32: =SUM(H28:H29,H31) -> 36193.711
B33: GAAP diluted EPS | C33: =IFERROR(C32/C35,0) -> 2.8302387 | D33: =IFERROR(D32/D35,0) -> 7.5902222 | E33: =IFERROR(E32/E35,0) -> 4.6045694 | F33: =IFERROR(F32/F35,0) -> 12.070928 | G33: =IFERROR(G32/G35,0) -> 24.666376 | H33: =IFERROR(H32/H35,0) -> 31.500184
B34: Weighted-average basic shares | C34: ='Share Count'!C15 -> 1120 | D34: ='Share Count'!D15 -> 1116 | E34: ='Share Count'!E15 -> 1125 | F34: ='Share Count'!F15 -> 1126 | G34: ='Share Count'!G15 -> 1128 | H34: ='Share Count'!H15 -> 1132
B35: Weighted-average GAAP diluted shares | C35: ='Share Count'!C18 -> 1131 | D35: ='Share Count'!D18 -> 1125 | E35: ='Share Count'!E18 -> 1138 | F35: ='Share Count'!F18 -> 1142 | G35: ='Share Count'!G18 -> 1145 | H35: ='Share Count'!H18 -> 1149
B36: GAAP EPS calculation check | C36: =IFERROR(C32/C35-C33,0) -> 0 | D36: =IFERROR(D32/D35-D33,0) -> 0 | E36: =IFERROR(E32/E35-E33,0) -> 0 | F36: =IFERROR(F32/F35-F33,0) -> 0 | G36: =IFERROR(G32/G35-G33,0) -> 0 | H36: =IFERROR(H32/H35-H33,0) -> 0
B37: GAAP TO NORMALIZED BRIDGE
B38: GAAP net income (bridge) | C38: =C32 -> 3201 | D38: =D32 -> 8539 | E38: =E32 -> 5240 | F38: =F32 -> 13785 | G38: =G32 -> 28243 | H38: =H32 -> 36193.711
B39: Add: share-based compensation | C39: 262 | D39: 975 | E39: 280 | F39: 297 | G39: 341 | H39: =Inputs!L28 -> 355
B40: Add: loss on debt prepayment | C40: 9 | D40: 59 | E40: 130 | F40: 47 | G40: 325 | H40: =Inputs!L29 -> 0
B41: Add: restructuring/impairment | C41: 38 | D41: 39 | E41: 0 | F41: 0 | G41: 0 | H41: =Inputs!L29 -> 0
B42: Add: patent license expense | C42: 0 | D42: 57 | E42: 0 | F42: 0 | G42: 0 | H42: =Inputs!L29 -> 0
B43: Add: other adjustments | C43: 1 | D43: 1 | E43: -20 | F43: 25 | G43: 23 | H43: =Inputs!L30 -> 25
B44: Less: adjustment tax effects | C44: -42 | D44: -200 | E44: -148 | F44: -133 | G44: -75 | H44: =Inputs!L31 -> -80
B45: Normalized net income | C45: =SUM(C38:C44) -> 3469 | D45: =SUM(D38:D44) -> 9470 | E45: =SUM(E38:E44) -> 5482 | F45: =SUM(F38:F44) -> 14021 | G45: =SUM(G38:G44) -> 28857 | H45: =SUM(H38:H44) -> 36493.711
B46: Additional non-GAAP diluted shares | C46: ='Share Count'!C19 -> 14 | D46: ='Share Count'!D19 -> 18 | E46: ='Share Count'!E19 -> 10 | F46: ='Share Count'!F19 -> 7 | G46: ='Share Count'!G19 -> 4 | H46: ='Share Count'!H19 -> 4
B47: Normalized weighted diluted shares | C47: =C35+C46 -> 1145 | D47: =D35+D46 -> 1143 | E47: =E35+E46 -> 1148 | F47: =F35+F46 -> 1149 | G47: =G35+G46 -> 1149 | H47: =H35+H46 -> 1153
B48: Normalized diluted EPS | C48: =IFERROR(C45/C47,0) -> 3.0296943 | D48: =IFERROR(D45/D47,0) -> 8.2852143 | E48: =IFERROR(E45/E47,0) -> 4.7752613 | F48: =IFERROR(F45/F47,0) -> 12.202785 | G48: =IFERROR(G45/G47,0) -> 25.114883 | H48: =IFERROR(H45/H47,0) -> 31.651094
B49: Difference: normalized - GAAP EPS | C49: =C48-C33 -> 0.1994556 | D49: =D48-D33 -> 0.69499213 | E49: =E48-E33 -> 0.1706919 | F49: =F48-F33 -> 0.13185683 | G49: =G48-G33 -> 0.44850696 | H49: =H48-H33 -> 0.15091003
B50: Normalized EPS vs supplied history | C50: =C48-Inputs!D12 -> -0.00030567686 | E50: =E48-Inputs!D13 -> -0.004738676 | F50: =F48-Inputs!D14 -> 0.0027850305 | G50: =G48-Inputs!D15 -> 0.0048825065 | H50: =H48-Inputs!C29 -> 0.051093631
B51: Forecast diluted EPS vs consensus | H51: =H48-Inputs!C29 -> 0.051093631
B52: Forecast revenue vs consensus | H52: =H10-Inputs!C46 -> 230.52289

Sheet Balance Sheet
B2: Micron Technology, Inc.
B3: Balance Sheet
B4: $ millions, except per share
B5: Period | C5: 4Q25A | D5: FY25A | E5: 1Q26A | F5: 2Q26A | G5: 3Q26A | H5: 4Q26E
B6: Period end | C6: 45897 | D6: 45897 | E6: 45988 | F6: 46079 | G6: 46170 | H6: 46268
B7: Days in period | C7: 91 | D7: 364 | E7: 91 | F7: 91 | G7: 91 | H7: 98
B9: ASSETS
B10: Cash and equivalents | C10: 9642 | D10: =C10 -> 9642 | E10: 9731 | F10: 13908 | G10: 24995 | H10: ='Cash Flow Statement'!H37 -> 48827.602
B11: Short-term investments | C11: 665 | D11: =C11 -> 665 | E11: 587 | F11: 681 | G11: 1027 | H11: =G11 -> 1027
B12: Receivables | C12: 9265 | D12: =C12 -> 9265 | E12: 10184 | F12: 17314 | G12: 31025 | H12: =G12+('Income Statement'!H10-'Income Statement'!G10)*Inputs!L59 -> 37541.109
B13: Inventories | C13: 8355 | D13: =C13 -> 8355 | E13: 8205 | F13: 8267 | G13: 8567 | H13: =G13+Inputs!L60 -> 9567
B14: Other current assets | C14: 914 | D14: =C14 -> 914 | E14: 958 | F14: 1243 | G14: 1123 | H14: =G14 -> 1123
B15: Total current assets | C15: =SUM(C10:C14) -> 28841 | D15: =SUM(D10:D14) -> 28841 | E15: =SUM(E10:E14) -> 29665 | F15: =SUM(F10:F14) -> 41413 | G15: =SUM(G10:G14) -> 66737 | H15: =SUM(H10:H14) -> 98085.711
B16: Long-term marketable investments | C16: 1629 | D16: =C16 -> 1629 | E16: 1697 | F16: 2038 | G16: 4106 | H16: =G16 -> 4106
B17: Property, plant and equipment | C17: 46590 | D17: =C17 -> 46590 | E17: 48477 | F17: 51408 | G17: 56426 | H17: =G17-'Cash Flow Statement'!H22-'Cash Flow Statement'!H11-'Cash Flow Statement'!H23 -> 63526
B18: Operating lease right-of-use assets | C18: 736 | D18: =C18 -> 736 | E18: 700 | F18: 684 | G18: 683 | H18: =G18 -> 683
B19: Intangible assets | C19: 453 | D19: =C19 -> 453 | E19: 465 | F19: 468 | G19: 473 | H19: =G19 -> 473
B20: Deferred tax assets | C20: 616 | D20: =C20 -> 616 | E20: 641 | F20: 680 | G20: 700 | H20: =G20 -> 700
B21: Goodwill | C21: 1150 | D21: =C21 -> 1150 | E21: 1150 | F21: 1150 | G21: 1150 | H21: =G21 -> 1150
B22: Other noncurrent assets / projection residual | C22: 2783 | D22: =C22 -> 2783 | E22: 3176 | F22: 3668 | G22: 3837 | H22: =G22+Inputs!L40 -> 5337
B23: Total assets | C23: =SUM(C15:C22) -> 82798 | D23: =SUM(D15:D22) -> 82798 | E23: =SUM(E15:E22) -> 85971 | F23: =SUM(F15:F22) -> 101509 | G23: =SUM(G15:G22) -> 134112 | H23: =SUM(H15:H22) -> 174060.71
B24: LIABILITIES
B25: Accounts payable and accruals | C25: 9649 | D25: =C25 -> 9649 | E25: 9796 | F25: 10997 | G25: 15521 | H25: =G25+Inputs!L46 -> 19521
B26: Current debt | C26: 560 | D26: =C26 -> 560 | E26: 569 | F26: 585 | G26: 582 | H26: =G26 -> 582
B27: Other current liabilities | C27: 1245 | D27: =C27 -> 1245 | E27: 1695 | F27: 2714 | G27: 3385 | H27: =G27 -> 3385
B28: Total current liabilities | C28: =SUM(C25:C27) -> 11454 | D28: =SUM(D25:D27) -> 11454 | E28: =SUM(E25:E27) -> 12060 | F28: =SUM(F25:F27) -> 14296 | G28: =SUM(G25:G27) -> 19488 | H28: =SUM(H25:H27) -> 23488
B29: Long-term debt | C29: 14017 | D29: =C29 -> 14017 | E29: 11187 | F29: 9557 | G29: 5140 | H29: =G29 -> 5140
B30: Operating lease liabilities | C30: 701 | D30: =C30 -> 701 | E30: 669 | F30: 656 | G30: 654 | H30: =G30 -> 654
B31: Noncurrent government incentives | C31: 1018 | D31: =C31 -> 1018 | E31: 1148 | F31: 1002 | G31: 1020 | H31: =G31 -> 1020
B32: Other noncurrent liabilities | C32: 1443 | D32: =C32 -> 1443 | E32: 2101 | F32: 3539 | G32: 7086 | H32: =G32 -> 7086
B33: Total liabilities | C33: =SUM(C28:C32) -> 28633 | D33: =SUM(D28:D32) -> 28633 | E33: =SUM(E28:E32) -> 27165 | F33: =SUM(F28:F32) -> 29050 | G33: =SUM(G28:G32) -> 33388 | H33: =SUM(H28:H32) -> 37388
B34: EQUITY
B35: Common stock | C35: 127 | D35: =C35 -> 127 | E35: 127 | F35: 127 | G35: 128 | H35: =G35 -> 128
B36: Additional paid-in capital | C36: 13339 | D36: =C36 -> 13339 | E36: 13610 | F36: 14092 | G36: 14442 | H36: =G36+Inputs!L28+'Cash Flow Statement'!H27+'Cash Flow Statement'!H30 -> 14567
B37: Retained earnings | C37: 48583 | D37: =C37 -> 48583 | E37: 53344 | F37: 66824 | G37: 94682 | H37: =G37+'Income Statement'!H32+'Cash Flow Statement'!H28 -> 130705.71
B38: Treasury stock (negative) | C38: -7852 | D38: =C38 -> -7852 | E38: -8152 | F38: -8502 | G38: -8502 | H38: =G38+'Cash Flow Statement'!H26 -> -8702
B39: Accumulated other comprehensive | C39: -32 | D39: =C39 -> -32 | E39: -123 | F39: -82 | G39: -26 | H39: =G39 -> -26
B40: Total equity | C40: =SUM(C35:C39) -> 54165 | D40: =SUM(D35:D39) -> 54165 | E40: =SUM(E35:E39) -> 58806 | F40: =SUM(F35:F39) -> 72459 | G40: =SUM(G35:G39) -> 100724 | H40: =SUM(H35:H39) -> 136672.71
B41: Total liabilities plus equity | C41: =C33+C40 -> 82798 | D41: =D33+D40 -> 82798 | E41: =E33+E40 -> 85971 | F41: =F33+F40 -> 101509 | G41: =G33+G40 -> 134112 | H41: =H33+H40 -> 174060.71
B42: ASSETS - LIABILITIES - EQUITY | C42: =C23-C33-C40 -> 0 | D42: =D23-D33-D40 -> 0 | E42: =E23-E33-E40 -> 0 | F42: =F23-F33-F40 -> 0 | G42: =G23-G33-G40 -> 0 | H42: =H23-H33-H40 -> 0
B43: Cash balance vs cash flow check | C43: =C10-'Cash Flow Statement'!C37 -> 0 | D43: =D10-'Cash Flow Statement'!D37 -> 0 | E43: =E10-'Cash Flow Statement'!E37 -> 0 | F43: =F10-'Cash Flow Statement'!F37 -> 0 | G43: =G10-'Cash Flow Statement'!G37 -> 0 | H43: =H10-'Cash Flow Statement'!H37 -> 0
B44: Historical balance reported vs model | C44: =C23-Inputs!L80 -> 0 | D44: =D23-Inputs!L80 -> 0 | E44: =E23-Inputs!L81 -> 0 | F44: =F23-Inputs!L82 -> 0 | G44: =G23-Inputs!L83 -> 0
B45: Retained earnings increase | E45: =E37-C37 -> 4761 | F45: =F37-E37 -> 13480 | G45: =G37-F37 -> 27858 | H45: =H37-G37 -> 36023.711

Sheet Cash Flow Statement
B2: Micron Technology, Inc.
B3: Cash Flow Statement
B4: $ millions, except per share
B5: Period | C5: 4Q25A | D5: FY25A | E5: 1Q26A | F5: 2Q26A | G5: 3Q26A | H5: 4Q26E
B6: Period end | C6: 45897 | D6: 45897 | E6: 45988 | F6: 46079 | G6: 46170 | H6: 46268
B7: Days in period | C7: 91 | D7: 364 | E7: 91 | F7: 91 | G7: 91 | H7: 98
B9: OPERATING CASH FLOWS | J9: Notes
B10: Net income | C10: ='Income Statement'!C32 -> 3201 | D10: ='Income Statement'!D32 -> 8539 | E10: ='Income Statement'!E32 -> 5240 | F10: ='Income Statement'!F32 -> 13785 | G10: ='Income Statement'!G32 -> 28243 | H10: ='Income Statement'!H32 -> 36193.711
B11: Depreciation / amortization | C11: 2149 | D11: 8352 | E11: 2212 | F11: 2286 | G11: 2364 | H11: =Inputs!L39 -> 2500
B12: Stock-based compensation | C12: 250 | D12: 972 | E12: 290 | F12: 309 | G12: 355 | H12: =Inputs!L28 -> 355
B13: Receivables movement | C13: -1653 | D13: -1776 | E13: -871 | F13: -7427 | G13: -11655 | H13: ='Balance Sheet'!G12-'Balance Sheet'!H12 -> -6516.1089
B14: Inventory movement | C14: 372 | D14: 520 | E14: 150 | F14: -62 | G14: -300 | H14: ='Balance Sheet'!G13-'Balance Sheet'!H13 -> -1000
B15: Accounts payable movement | C15: 824 | D15: 862 | E15: 156 | F15: 772 | G15: 2401 | H15: ='Balance Sheet'!H25-'Balance Sheet'!G25 -> 4000
B16: Other current-liability movement | C16: 409 | D16: -272 | E16: 449 | F16: 1020 | G16: 670 | H16: ='Balance Sheet'!H27-'Balance Sheet'!G27 -> 0
B17: Other noncurrent-liability movement | C17: 0 | D17: 0 | E17: 547 | F17: 1559 | G17: 3097 | H17: ='Balance Sheet'!H32-'Balance Sheet'!G32 -> 0
B18: Other operating movements / WC | C18: =C19-SUM(C10:C17) -> 178 | D18: =D19-SUM(D10:D17) -> 328 | E18: =E19-SUM(E10:E17) -> 238 | F18: =F19-SUM(F10:F17) -> -339 | G18: =G19-SUM(G10:G17) -> 213 | H18: ='Balance Sheet'!G22-'Balance Sheet'!H22 -> -1500
B19: Net cash provided by operations | C19: 5730 | D19: 17525 | E19: 8411 | F19: 11903 | G19: 25388 | H19: =SUM(H10:H18) -> 34032.602
B20: CFO subtotal construction identity | C20: =C19-SUM(C10:C18) -> 0 | D20: =D19-SUM(D10:D18) -> 0 | E20: =E19-SUM(E10:E18) -> 0 | F20: =F19-SUM(F10:F18) -> 0 | G20: =G19-SUM(G10:G18) -> 0 | H20: =H19-SUM(H10:H18) -> 0
B21: INVESTING CASH FLOWS
B22: Property & equipment expenditures | C22: -5658 | D22: -15857 | E22: -5389 | F22: -6387 | G22: -7826 | H22: =Inputs!L56 -> -10500
B23: Investment, incentives and other | C23: =C24-C22 -> 460 | D23: =D24-D22 -> 1770 | E23: =E24-E22 -> 795 | F23: =F24-F22 -> 862 | G23: =G24-G22 -> -1743 | H23: =Inputs!L41-H22 -> 900
B24: Net cash used for investing | C24: -5198 | D24: -14087 | E24: -4594 | F24: -5525 | G24: -9569 | H24: =SUM(H22:H23) -> -9600
B25: FINANCING CASH FLOWS
B26: Share repurchase program | C26: 0 | D26: 0 | E26: -300 | F26: -350 | G26: 0 | H26: =Inputs!L57 -> -200
B27: Equity-award tax withholding | C27: 0 | D27: 0 | E27: -367 | F27: -178 | G27: -217 | H27: =Inputs!L58 -> -200
B28: Dividends paid | C28: -130 | D28: -522 | E28: -134 | F28: -132 | G28: -171 | H28: =Inputs!L44 -> -170
B29: Debt net proceeds / repayment | C29: -1015 | D29: -189 | E29: -2943 | F29: -1683 | G29: -4754 | H29: =Inputs!L24 -> 0
B30: Other financing flows | C30: =C31-SUM(C26:C29) -> 81 | D30: =D31-SUM(D26:D29) -> -139 | E30: =E31-SUM(E26:E29) -> -1 | F30: =F31-SUM(F26:F29) -> 176 | G30: =G31-SUM(G26:G29) -> 408 | H30: =Inputs!L42-SUM(H26:H29) -> -30
B31: Net cash from financing | C31: -1064 | D31: -850 | E31: -3745 | F31: -2167 | G31: -4734 | H31: =SUM(H26:H30) -> -600
B32: Effect of FX on cash | C32: 9 | D32: 6 | E32: 14 | F32: -9 | G32: 3 | H32: =Inputs!L43 -> 0
B33: Total cash change incl restricted | C33: =SUM(C19,C24,C31:C32) -> -523 | D33: =SUM(D19,D24,D31:D32) -> 2594 | E33: =SUM(E19,E24,E31:E32) -> 86 | F33: =SUM(F19,F24,F31:F32) -> 4202 | G33: =SUM(G19,G24,G31:G32) -> 11088 | H33: =SUM(H19,H24,H31:H32) -> 23832.602
B34: Beginning cash incl restricted | C34: 10169 | D34: 7052 | E34: 9646 | F34: 9732 | G34: 13934 | H34: =G35 -> 25022
B35: Ending cash incl restricted | C35: =C33+C34 -> 9646 | D35: =D33+D34 -> 9646 | E35: =E33+E34 -> 9732 | F35: =F33+F34 -> 13934 | G35: =G33+G34 -> 25022 | H35: =H33+H34 -> 48854.602
B36: Restricted cash (reconciliation) | C36: 4 | D36: 4 | E36: 1 | F36: 26 | G36: 27 | H36: =G36 -> 27
B37: Ending cash & equivalents | C37: =C35-C36 -> 9642 | D37: =D35-D36 -> 9642 | E37: =E35-E36 -> 9731 | F37: =F35-F36 -> 13908 | G37: =G35-G36 -> 24995 | H37: =H35-H36 -> 48827.602
B38: Linked ending cash identity | C38: =C37-'Balance Sheet'!C10 -> 0 | D38: =D37-'Balance Sheet'!D10 -> 0 | E38: =E37-'Balance Sheet'!E10 -> 0 | F38: =F37-'Balance Sheet'!F10 -> 0 | G38: =G37-'Balance Sheet'!G10 -> 0 | H38: =H37-'Balance Sheet'!H10 -> 0 | J38: Forecast BS cash is linked directly to this cash flow: H38:H39 are construction identities, not independent observations.
B39: Linked cash change identity | E39: =E33-('Balance Sheet'!E10-'Balance Sheet'!C10+E36-C36) -> 0 | F39: =F33-('Balance Sheet'!F10-'Balance Sheet'!E10+F36-E36) -> 0 | G39: =G33-('Balance Sheet'!G10-'Balance Sheet'!F10+G36-F36) -> 0 | H39: =H33-('Balance Sheet'!H10-'Balance Sheet'!G10+H36-G36) -> 0
B40: Total cash check passes | C40: =ABS(C38)<0.01 -> TRUE | D40: =ABS(D38)<0.01 -> TRUE | E40: =ABS(E38)<0.01 -> TRUE | F40: =ABS(F38)<0.01 -> TRUE | G40: =ABS(G38)<0.01 -> TRUE | H40: =ABS(H38)<0.01 -> TRUE
B41: Receivables cash conversion check | H41: =H13-('Balance Sheet'!G12-'Balance Sheet'!H12) -> 0 | J41: H41:H44 audit the written accounting relationships; independently sourced forecast cash, geography and target-quarter results do not yet exist.
B42: Payables cash conversion check | H42: =H15-('Balance Sheet'!H25-'Balance Sheet'!G25) -> 0
B43: PP&E capital roll-forward check | H43: =('Balance Sheet'!H17-'Balance Sheet'!G17)+H22+H11+H23 -> 0
B44: Other noncurrent assets / cash check | H44: =H18+('Balance Sheet'!H22-'Balance Sheet'!G22) -> 0

Sheet Geo
B2: Micron Technology, Inc.
B3: Geo
B4: $ millions, except per share
B5: Period | C5: 4Q25A | D5: FY25A | E5: 1Q26A | F5: 2Q26A | G5: 3Q26A | H5: 4Q26E
B6: Period end | C6: 45897 | D6: 45897 | E6: 45988 | F6: 46079 | G6: 46170 | H6: 46268
B7: Days in period | C7: 91 | D7: 364 | E7: 91 | F7: 91 | G7: 91 | H7: 98
B9: CUSTOMER HEADQUARTERS GEOGRAPHY | J9: Notes
B10: U.S. | D10: 24113 | H10: ='Revenue summary'!H53*D10/D42 -> 33210.876 | J10: Issuer Note 29 reports annual 2025 customer headquarters, not quarterly country revenue. Estimate preserves annual 2025 geographic shares; unavailable quarter splits are not invented.
B11: % of total | D11: =IFERROR(D10/D42,0) -> 0.6451121 | H11: =IFERROR(H10/H42,0) -> 0.6451121
B12: % Y/Y (quarter unavailable)
B13: Mix change (bps) | H13: =(H11-D11)*10000 -> 0
B14: Taiwan | D14: 5672 | H14: ='Revenue summary'!H53*D14/D42 -> 7812.0552
B15: % of total | D15: =IFERROR(D14/D42,0) -> 0.15174702 | H15: =IFERROR(H14/H42,0) -> 0.15174702
B16: % Y/Y (quarter unavailable)
B17: Mix change (bps) | H17: =(H15-D15)*10000 -> 0
B18: Mainland China (excluding Hong Kong) | D18: 2639 | H18: ='Revenue summary'!H53*D18/D42 -> 3634.6992
B19: % of total | D19: =IFERROR(D18/D42,0) -> 0.070603029 | H19: =IFERROR(H18/H42,0) -> 0.070603029
B20: % Y/Y (quarter unavailable)
B21: Mix change (bps) | H21: =(H19-D19)*10000 -> 0
B22: Other Asia Pacific | D22: 1913 | H22: ='Revenue summary'!H53*D22/D42 -> 2634.7781
B23: % of total | D23: =IFERROR(D22/D42,0) -> 0.051179838 | H23: =IFERROR(H22/H42,0) -> 0.051179838
B24: % Y/Y (quarter unavailable)
B25: Mix change (bps) | H25: =(H23-D23)*10000 -> 0
B26: Hong Kong | D26: 1138 | H26: ='Revenue summary'!H53*D26/D42 -> 1567.3693
B27: % of total | D27: =IFERROR(D26/D42,0) -> 0.030445717 | H27: =IFERROR(H26/H42,0) -> 0.030445717
B28: % Y/Y (quarter unavailable)
B29: Mix change (bps) | H29: =(H27-D27)*10000 -> 0
B30: Japan | D30: 895 | H30: ='Revenue summary'!H53*D30/D42 -> 1232.685
B31: % of total | D31: =IFERROR(D30/D42,0) -> 0.023944566 | H31: =IFERROR(H30/H42,0) -> 0.023944566
B32: % Y/Y (quarter unavailable)
B33: Mix change (bps) | H33: =(H31-D31)*10000 -> 0
B34: Europe | D34: 625 | H34: ='Revenue summary'!H53*D34/D42 -> 860.81356
B35: % of total | D35: =IFERROR(D34/D42,0) -> 0.016721066 | H35: =IFERROR(H34/H42,0) -> 0.016721066
B36: % Y/Y (quarter unavailable)
B37: Mix change (bps) | H37: =(H35-D35)*10000 -> 0
B38: Other | D38: 383 | H38: ='Revenue summary'!H53*D38/D42 -> 527.50655
B39: % of total | D39: =IFERROR(D38/D42,0) -> 0.010246669 | H39: =IFERROR(H38/H42,0) -> 0.010246669
B40: % Y/Y (quarter unavailable)
B41: Mix change (bps) | H41: =(H39-D39)*10000 -> 0
B42: Total disclosed geography | D42: =SUM(D10,D14,D18,D22,D26,D30,D34,D38) -> 37378 | H42: =SUM(H10,H14,H18,H22,H26,H30,H34,H38) -> 51480.783
B43: FY25 reported tie / forecast mix identity | D43: =D42-Inputs!L86 -> 0 | H43: =H42-'Revenue summary'!H53 -> 0 | J43: D43 tests annual country amounts vs separately reported FY25 revenue. H43 is an identity because FY25 mix allocates forecast total; no independent FY26 country data exists.
B44: Historical quarterly geography not disclosed | C44: unavailable | E44: unavailable | F44: unavailable | G44: unavailable

Sheet Share Count
B2: Micron Technology, Inc.
B3: Share Count
B4: $ millions, except per share
B5: Period | C5: 4Q25A | D5: FY25A | E5: 1Q26A | F5: 2Q26A | G5: 3Q26A | H5: 4Q26E
B6: Period end | C6: 45897 | D6: 45897 | E6: 45988 | F6: 46079 | G6: 46170 | H6: 46268
B7: Days in period | C7: 91 | D7: 364 | E7: 91 | F7: 91 | G7: 91 | H7: 98
B9: SHARE ROLL-FORWARD ($m / m shares)
B10: Share repurchases (cash; negative) | C10: ='Cash Flow Statement'!C26 -> 0 | D10: ='Cash Flow Statement'!D26 -> 0 | E10: ='Cash Flow Statement'!E26 -> -300 | F10: ='Cash Flow Statement'!F26 -> -350 | G10: ='Cash Flow Statement'!G26 -> 0 | H10: ='Cash Flow Statement'!H26 -> -200
B11: Employee award withholding (cash) | C11: ='Cash Flow Statement'!C27 -> 0 | D11: ='Cash Flow Statement'!D27 -> 0 | E11: ='Cash Flow Statement'!E27 -> -367 | F11: ='Cash Flow Statement'!F27 -> -178 | G11: ='Cash Flow Statement'!G27 -> -217 | H11: ='Cash Flow Statement'!H27 -> -200
B12: Share issuance (shares; unavailable) | C12: unavailable | D12: unavailable | E12: unavailable | F12: unavailable | G12: unavailable | H12: unavailable
B13: Change in weighted basic shares | E13: =E15-C15 -> 5 | F13: =F15-E15 -> 1 | G13: =G15-F15 -> 2 | H13: =H15-G15 -> 4
B14: Share dilution attributable to equity awards
B15: Weighted-average basic shares | C15: 1120 | D15: 1116 | E15: 1125 | F15: 1126 | G15: 1128 | H15: =Inputs!L32 -> 1132
B16: Basic shares sequential change | E16: =E15-C15 -> 5 | F16: =F15-E15 -> 1 | G16: =G15-F15 -> 2 | H16: =H15-G15 -> 4
B17: Dilutive equity compensation | C17: =C18-C15 -> 11 | D17: =D18-D15 -> 9 | E17: =E18-E15 -> 13 | F17: =F18-F15 -> 16 | G17: =G18-G15 -> 17 | H17: =Inputs!L33 -> 17
B18: Weighted-average GAAP diluted shares | C18: 1131 | D18: 1125 | E18: 1138 | F18: 1142 | G18: 1145 | H18: =H15+H17 -> 1149
B19: Additional normalized diluted shares | C19: 14 | D19: 18 | E19: 10 | F19: 7 | G19: 4 | H19: =Inputs!L34 -> 4
B20: Weighted-average normalized diluted shares | C20: =C18+C19 -> 1145 | D20: =D18+D19 -> 1143 | E20: =E18+E19 -> 1148 | F20: =F18+F19 -> 1149 | G20: =G18+G19 -> 1149 | H20: =H18+H19 -> 1153
B21: GAAP diluted vs basic share delta | C21: =C18-C15 -> 11 | D21: =D18-D15 -> 9 | E21: =E18-E15 -> 13 | F21: =F18-F15 -> 16 | G21: =G18-G15 -> 17 | H21: =H18-H15 -> 17
B22: Normalized vs GAAP share delta | C22: =C20-C18 -> 14 | D22: =D20-D18 -> 18 | E22: =E20-E18 -> 10 | F22: =F20-F18 -> 7 | G22: =G20-G18 -> 4 | H22: =H20-H18 -> 4
B23: Net income per basic share | C23: ='Income Statement'!C32/C15 -> 2.8580357 | D23: ='Income Statement'!D32/D15 -> 7.6514337 | E23: ='Income Statement'!E32/E15 -> 4.6577778 | F23: ='Income Statement'!F32/F15 -> 12.242451 | G23: ='Income Statement'!G32/G15 -> 25.038121 | H23: ='Income Statement'!H32/H15 -> 31.973243
B24: GAAP EPS denominator reconciliation | C24: =C18-'Income Statement'!C35 -> 0 | D24: =D18-'Income Statement'!D35 -> 0 | E24: =E18-'Income Statement'!E35 -> 0 | F24: =F18-'Income Statement'!F35 -> 0 | G24: =G18-'Income Statement'!G35 -> 0 | H24: =H18-'Income Statement'!H35 -> 0
B25: Normalized EPS denominator reconciliation | C25: =C20-'Income Statement'!C47 -> 0 | D25: =D20-'Income Statement'!D47 -> 0 | E25: =E20-'Income Statement'!E47 -> 0 | F25: =F20-'Income Statement'!F47 -> 0 | G25: =G20-'Income Statement'!G47 -> 0 | H25: =H20-'Income Statement'!H47 -> 0

Sheet Guidance
B2: Micron Technology, Inc.
B3: Guidance
B4: $ millions, except per share
B5: Period | C5: 4Q25A | D5: FY25A | E5: 1Q26A | F5: 2Q26A | G5: 3Q26A | H5: 4Q26E
B6: Period end | C6: 45897 | D6: 45897 | E6: 45988 | F6: 46079 | G6: 46170 | H6: 46268
B7: Days in period | C7: 91 | D7: 364 | E7: 91 | F7: 91 | G7: 91 | H7: 98
B9: Metric | C9: Published | D9: Target | E9: Basis | F9: Low | G9: High | H9: Midpoint | I9: Actual | J9: Beat / miss | K9: Notes
B10: Revenue | C10: 45923 | D10: 1Q26A | E10: GAAP | F10: 12200 | G10: 12800 | H10: =AVERAGE(F10:G10) -> 12500 | I10: ='Income Statement'!E10 -> 13643 | J10: =IF(I10="","unavailable",IF(I10>H10,"BEAT",IF(I10<H10,"MISS","INLINE"))) -> BEAT
B11: Gross margin | C11: 45923 | D11: 1Q26A | E11: GAAP | F11: 0.495 | G11: 0.515 | H11: =AVERAGE(F11:G11) -> 0.505 | I11: ='Income Statement'!E15 -> 0.56043392 | J11: =IF(I11="","unavailable",IF(I11>H11,"BEAT",IF(I11<H11,"MISS","INLINE"))) -> BEAT
B12: Gross margin | C12: 45923 | D12: 1Q26A | E12: non-GAAP | F12: 0.505 | G12: 0.525 | H12: =AVERAGE(F12:G12) -> 0.515 | I12: 0.568 | J12: =IF(I12="","unavailable",IF(I12>H12,"BEAT",IF(I12<H12,"MISS","INLINE"))) -> BEAT
B13: Operating expense | C13: 45923 | D13: 1Q26A | E13: GAAP | F13: 1470 | G13: 1510 | H13: =AVERAGE(F13:G13) -> 1490 | I13: ='Income Statement'!E21 -> 1510 | J13: =IF(I13="","unavailable",IF(I13<H13,"BEAT",IF(I13>H13,"MISS","INLINE"))) -> MISS
B14: Operating expense | C14: 45923 | D14: 1Q26A | E14: non-GAAP | F14: 1320 | G14: 1360 | H14: =AVERAGE(F14:G14) -> 1340 | I14: 1334 | J14: =IF(I14="","unavailable",IF(I14<H14,"BEAT",IF(I14>H14,"MISS","INLINE"))) -> BEAT
B15: GAAP diluted EPS | C15: 45923 | D15: 1Q26A | E15: GAAP | F15: 3.41 | G15: 3.71 | H15: =AVERAGE(F15:G15) -> 3.56 | I15: ='Income Statement'!E33 -> 4.6045694 | J15: =IF(I15="","unavailable",IF(I15>H15,"BEAT",IF(I15<H15,"MISS","INLINE"))) -> BEAT
B16: Normalized diluted EPS | C16: 45923 | D16: 1Q26A | E16: non-GAAP | F16: 3.6 | G16: 3.9 | H16: =AVERAGE(F16:G16) -> 3.75 | I16: ='Income Statement'!E48 -> 4.7752613 | J16: =IF(I16="","unavailable",IF(I16>H16,"BEAT",IF(I16<H16,"MISS","INLINE"))) -> BEAT
B17: Revenue | C17: 46008 | D17: 2Q26A | E17: GAAP | F17: 18300 | G17: 19100 | H17: =AVERAGE(F17:G17) -> 18700 | I17: ='Income Statement'!F10 -> 23860 | J17: =IF(I17="","unavailable",IF(I17>H17,"BEAT",IF(I17<H17,"MISS","INLINE"))) -> BEAT
B18: Gross margin | C18: 46008 | D18: 2Q26A | E18: GAAP | F18: 0.66 | G18: 0.68 | H18: =AVERAGE(F18:G18) -> 0.67 | I18: ='Income Statement'!F15 -> 0.74413244 | J18: =IF(I18="","unavailable",IF(I18>H18,"BEAT",IF(I18<H18,"MISS","INLINE"))) -> BEAT
B19: Gross margin | C19: 46008 | D19: 2Q26A | E19: non-GAAP | F19: 0.67 | G19: 0.69 | H19: =AVERAGE(F19:G19) -> 0.68 | I19: 0.749 | J19: =IF(I19="","unavailable",IF(I19>H19,"BEAT",IF(I19<H19,"MISS","INLINE"))) -> BEAT
B20: Operating expense | C20: 46008 | D20: 2Q26A | E20: GAAP | F20: 1540 | G20: 1580 | H20: =AVERAGE(F20:G20) -> 1560 | I20: ='Income Statement'!F21 -> 1620 | J20: =IF(I20="","unavailable",IF(I20<H20,"BEAT",IF(I20>H20,"MISS","INLINE"))) -> MISS
B21: Operating expense | C21: 46008 | D21: 2Q26A | E21: non-GAAP | F21: 1360 | G21: 1400 | H21: =AVERAGE(F21:G21) -> 1380 | I21: 1421 | J21: =IF(I21="","unavailable",IF(I21<H21,"BEAT",IF(I21>H21,"MISS","INLINE"))) -> MISS
B22: GAAP diluted EPS | C22: 46008 | D22: 2Q26A | E22: GAAP | F22: 7.99 | G22: 8.39 | H22: =AVERAGE(F22:G22) -> 8.19 | I22: ='Income Statement'!F33 -> 12.070928 | J22: =IF(I22="","unavailable",IF(I22>H22,"BEAT",IF(I22<H22,"MISS","INLINE"))) -> BEAT
B23: Normalized diluted EPS | C23: 46008 | D23: 2Q26A | E23: non-GAAP | F23: 8.22 | G23: 8.62 | H23: =AVERAGE(F23:G23) -> 8.42 | I23: ='Income Statement'!F48 -> 12.202785 | J23: =IF(I23="","unavailable",IF(I23>H23,"BEAT",IF(I23<H23,"MISS","INLINE"))) -> BEAT
B24: Revenue | C24: 46099 | D24: 3Q26A | E24: GAAP | F24: 32750 | G24: 34250 | H24: =AVERAGE(F24:G24) -> 33500 | I24: ='Income Statement'!G10 -> 41456 | J24: =IF(I24="","unavailable",IF(I24>H24,"BEAT",IF(I24<H24,"MISS","INLINE"))) -> BEAT
B25: Gross margin | C25: 46099 | D25: 3Q26A | E25: GAAP | F25: 0.81 | G25: 0.81 | H25: =AVERAGE(F25:G25) -> 0.81 | I25: ='Income Statement'!G15 -> 0.84561945 | J25: =IF(I25="","unavailable",IF(I25>H25,"BEAT",IF(I25<H25,"MISS","INLINE"))) -> BEAT
B26: Gross margin | C26: 46099 | D26: 3Q26A | E26: non-GAAP | F26: 0.81 | G26: 0.81 | H26: =AVERAGE(F26:G26) -> 0.81 | I26: 0.849 | J26: =IF(I26="","unavailable",IF(I26>H26,"BEAT",IF(I26<H26,"MISS","INLINE"))) -> BEAT
B27: Operating expense | C27: 46099 | D27: 3Q26A | E27: GAAP | F27: 1600 | G27: 1600 | H27: =AVERAGE(F27:G27) -> 1600 | I27: ='Income Statement'!G21 -> 1738 | J27: =IF(I27="","unavailable",IF(I27<H27,"BEAT",IF(I27>H27,"MISS","INLINE"))) -> MISS
B28: Operating expense | C28: 46099 | D28: 3Q26A | E28: non-GAAP | F28: 1400 | G28: 1400 | H28: =AVERAGE(F28:G28) -> 1400 | I28: 1518 | J28: =IF(I28="","unavailable",IF(I28<H28,"BEAT",IF(I28>H28,"MISS","INLINE"))) -> MISS
B29: GAAP diluted EPS | C29: 46099 | D29: 3Q26A | E29: GAAP | F29: 18.5 | G29: 19.3 | H29: =AVERAGE(F29:G29) -> 18.9 | I29: ='Income Statement'!G33 -> 24.666376 | J29: =IF(I29="","unavailable",IF(I29>H29,"BEAT",IF(I29<H29,"MISS","INLINE"))) -> BEAT
B30: Normalized diluted EPS | C30: 46099 | D30: 3Q26A | E30: non-GAAP | F30: 18.75 | G30: 19.55 | H30: =AVERAGE(F30:G30) -> 19.15 | I30: ='Income Statement'!G48 -> 25.114883 | J30: =IF(I30="","unavailable",IF(I30>H30,"BEAT",IF(I30<H30,"MISS","INLINE"))) -> BEAT
B31: Revenue | C31: 46197 | D31: 4Q26E | E31: GAAP | F31: 49000 | G31: 51000 | H31: =AVERAGE(F31:G31) -> 50000 | J31: =IF(I31="","unavailable",IF(I31>H31,"BEAT",IF(I31<H31,"MISS","INLINE"))) -> unavailable
B32: Gross margin | C32: 46197 | D32: 4Q26E | E32: GAAP | F32: 0.86 | G32: 0.86 | H32: =AVERAGE(F32:G32) -> 0.86 | J32: =IF(I32="","unavailable",IF(I32>H32,"BEAT",IF(I32<H32,"MISS","INLINE"))) -> unavailable
B33: Gross margin | C33: 46197 | D33: 4Q26E | E33: non-GAAP | F33: 0.86 | G33: 0.86 | H33: =AVERAGE(F33:G33) -> 0.86 | J33: =IF(I33="","unavailable",IF(I33>H33,"BEAT",IF(I33<H33,"MISS","INLINE"))) -> unavailable
B34: Operating expense | C34: 46197 | D34: 4Q26E | E34: GAAP | F34: 1860 | G34: 1860 | H34: =AVERAGE(F34:G34) -> 1860 | J34: =IF(I34="","unavailable",IF(I34<H34,"BEAT",IF(I34>H34,"MISS","INLINE"))) -> unavailable
B35: Operating expense | C35: 46197 | D35: 4Q26E | E35: non-GAAP | F35: 1650 | G35: 1650 | H35: =AVERAGE(F35:G35) -> 1650 | J35: =IF(I35="","unavailable",IF(I35<H35,"BEAT",IF(I35>H35,"MISS","INLINE"))) -> unavailable
B36: GAAP diluted EPS | C36: 46197 | D36: 4Q26E | E36: GAAP | F36: 29.73 | G36: 31.73 | H36: =AVERAGE(F36:G36) -> 30.73 | J36: =IF(I36="","unavailable",IF(I36>H36,"BEAT",IF(I36<H36,"MISS","INLINE"))) -> unavailable
B37: Normalized diluted EPS | C37: 46197 | D37: 4Q26E | E37: non-GAAP | F37: 30 | G37: 32 | H37: =AVERAGE(F37:G37) -> 31 | J37: =IF(I37="","unavailable",IF(I37>H37,"BEAT",IF(I37<H37,"MISS","INLINE"))) -> unavailable | K37: FQ4 2026 actual unavailable as of 2026-09-26 cutoff.
K40: Approximately 86% guidance is a point indication, not a guaranteed floor/ceiling.

Sheet Sources
B2: Micron Technology, Inc.
B3: Sources
B4: $ millions, except per share
B5: Period | C5: 4Q25A | D5: FY25A | E5: 1Q26A | F5: 2Q26A | G5: 3Q26A | H5: 4Q26E
B6: Period end | C6: 45897 | D6: 45897 | E6: 45988 | F6: 46079 | G6: 46170 | H6: 46268
B7: Days in period | C7: 91 | D7: 364 | E7: 91 | F7: 91 | G7: 91 | H7: 98
B9: ID | C9: Published | D9: Publisher | E9: URL or file | F9: What this feeds
B10: CAP01 | C10: 46289 | D10: S&P Capital IQ | E10: MU_history.csv | F10: Inputs!B9:I15; supplied revenue and EPS comparisons
B11: CAP02 | C11: 46289 | D11: S&P Capital IQ | E11: MU_consensus.json | F11: Inputs!B20:C73; Cover!C23:G27; latest available consensus
B12: SEC01 | C12: 45923 | D12: Micron / SEC | E12: https://www.sec.gov/Archives/edgar/data/723125/000072312525000024/a2025q4ex991-pressrelease.htm | F12: FY2025 and Q4 2025 GAAP, segment results, EPS bridge and guidance
B13: SEC02 | C13: 45933 | D13: Micron / SEC | E13: https://www.sec.gov/Archives/edgar/data/723125/000072312525000028/mu-20250828.htm | F13: FY2025 10-K and 52-/53-week fiscal year basis
B14: SEC03 | C14: 46008 | D14: Micron / SEC | E14: https://www.sec.gov/Archives/edgar/data/723125/000072312525000044/a2026q1ex991-pressrelease.htm | F14: Fiscal Q1 results and Q2 guidance
B15: SEC04 | C15: 46009 | D15: Micron / SEC | E15: https://www.sec.gov/Archives/edgar/data/723125/000072312525000046/mu-20251127.htm | F15: Q1 2026 reportable segments, technology splits, CF and balance
B16: SEC05 | C16: 46099 | D16: Micron / SEC | E16: https://www.sec.gov/Archives/edgar/data/723125/000072312526000004/a2026q2ex991-pressrelease.htm | F16: Q2 2026 results and Q3 outlook
B17: SEC06 | C17: 46100 | D17: Micron / SEC | E17: https://www.sec.gov/Archives/edgar/data/723125/000072312526000006/mu-20260226.htm | F17: Q2 2026 segments, cash flow, B/S and DRAM/NAND revenues
B18: SEC07 | C18: 46197 | D18: Micron / SEC | E18: https://www.sec.gov/Archives/edgar/data/723125/000072312526000013/a2026q3ex991-pressrelease.htm | F18: Q3 2026 GAAP, bridge and 4Q26 company guidance
B19: SEC08 | C19: 46198 | D19: Micron / SEC | E19: https://www.sec.gov/Archives/edgar/data/723125/000072312526000015/mu-20260528.htm | F19: Four reportable units, revenue technologies, 53-week FY, 14-week Q4
B20: SEC09 | C20: 45933 | D20: Micron / SEC | E20: https://www.sec.gov/Archives/edgar/data/723125/000072312525000028/R36.htm | F20: FY2025 customer HQ geography; Geo!D10:D42
B21: SEC10 | C21: 45933 | D21: Micron / SEC | E21: https://www.sec.gov/Archives/edgar/data/723125/000072312525000028/R108.htm | F21: FY2025 reportable segment operating income and COGS
... B25: NEWS02 | C25: 46289 | D25: Market Review Hub / Citi | E25: https://marketreviewhub.com/citi-doubles-down-on-micron-stock-ahead-of-earnings/ | F25: Citi estimate revision: $51bn revenue/$31.45 EPS; below attached $31.60 norm mean
B27: INPUT AUDIT & PERIOD IDENTIFICATION
B28: MU_history.csv SHA256 | C28: ccd35d98107c541b694c774102d13befc5f4462c6a9354e00f9c6654fa45d223
B29: MU_consensus.json SHA256 | C29: dd7ba50acc461d0c4f35159e99baa611723ccde23ba911acd968fee451c3bb46
B30: CapIQ captured (date only) | C30: 46289
B31: Research cutoff UTC | C31: 2026-09-26T18:44:22Z
B32: Issuer fiscal Q4 end | C32: 2026-09-03; supplied CapIQ label is 2026-08-31
B33: Geographic quarter splits | C33: Unavailable: 2025 10-K Note 29 discloses annual only; 2026 10-Qs checked.
B34: All other segment tab omitted | C34: 2026-05-28 Form 10-Q Note 17: nonreportable $8m; shown Revenue summary!G50.
B35: Customer/unit ladder | C35: Unit customer counts/absolute shipments not disclosed in 2026-05-28 10-Q; explicit forecast bit/ASP assumptions are indexed.
B36: Net income guidance | C36: Unavailable: 2026-06-24 release guides EPS but does not guide net income.
B37: Forecast bias and miss risks | C37: TrendForce Q3 pricing moderation, weak consumer memory, Citi EPS $31.45 below attached normalized $31.60; only small forecast premium.
B38: Historical 4Q25 segment COGS | C38: FY25 10-K segment annual less Q3 FY26 10-Q FY25 nine-month comparatives: Inputs!M89:Q94, Segment tabs!C30:C38.
B39: Unit customer additions/churn | C39: Unavailable (not a reported semiconductor operating KPI); index ≠ physical shipment or customer count.
B40: Check provenance warning | C40: Actual C:G revenue ties independently to CapIQ or SEC 2025 10-K. Forecast product, geo and BS cash totals are modeled identities; never represent them as independent disclosed results.

Sheet Inputs
B2: Micron Technology, Inc.
B3: Inputs
B4: $ millions, except per share
B5: Period | C5: 4Q25A | D5: FY25A | E5: 1Q26A | F5: 2Q26A | G5: 3Q26A | H5: 4Q26E
B6: Period end | C6: 45897 | D6: 45897 | E6: 45988 | F6: 46079 | G6: 46170 | H6: 46268
B7: Days in period | C7: 91 | D7: 364 | E7: 91 | F7: 91 | G7: 91 | H7: 98
B9: Period end | C9: Norm EPS cons. | D9: Norm EPS actual | E9: GAAP EPS cons. | F9: GAAP EPS actual | G9: Revenue cons. | H9: Revenue actual | I9: Report date | K9: FORECAST ASSUMPTIONS | L9: Value | N9: Notes
B10: 45716 | C10: 1.42 | D10: 1.56 | E10: 1.27 | F10: 1.41 | G10: 7889.25 | H10: 8053 | I10: 45736 | K10: Cloud: bit growth | L10: 0.015
B11: 45808 | C11: 1.59 | D11: 1.91 | E11: 1.45 | F11: 1.68 | G11: 8826.49 | H11: 9301 | I11: 45833 | K11: Cloud: ASP growth | L11: 0.149
B12: 45900 | C12: 2.86 | D12: 3.03 | E12: 2.69 | F12: 2.83 | G12: 11155.18 | H12: 11315 | I12: 45923 | K12: Core: bit growth | L12: 0.005
B13: 45991 | C13: 3.96 | D13: 4.78 | E13: 3.87 | F13: 4.6 | G13: 12882.26 | H13: 13643 | I13: 46008 | K13: Core: ASP growth | L13: 0.157
B14: 46081 | C14: 9.16 | D14: 12.2 | E14: 9.39 | F14: 12.07 | G14: 19755.79 | H14: 23860 | I14: 46099 | K14: Mobile: bit growth | L14: -0.01
B15: 46173 | C15: 20.69 | D15: 25.11 | E15: 21.02 | F15: 24.67 | G15: 35819.81 | H15: 41456 | I15: 46197 | K15: Mobile: ASP growth | L15: 0.144
K16: Auto: bit growth | L16: -0.005
K17: Auto: ASP growth | L17: 0.147 | N17: S&P Capital IQ historical surprises; issuer filing dates differ from calendar month-end CapIQ labels.
K18: All other revenue growth | L18: 0.2 | N18: Consensus was captured 2026-09-24 (date only), not September 26.
K19: GAAP gross margin | L19: 0.861
B20: ticker | C20: MU | K20: R&D | L20: 1390
B21: company | C21: Micron Technology, Inc. | K21: SG&A | L21: 440
B22: exchange_ticker | C22: NasdaqGS:MU | K22: Other operating expense | L22: 30
B23: capiq_company_id | C23: 289030 | K23: Interest income | L23: 225
B24: analyst_count | C24: 51 | K24: Interest expense | L24: 0
B25: fiscal_year_end | C25: Aug-31 | K25: Other nonoperating income | L25: -115
B26: forward_quarter_label | C26: FQ4 2026 - Aug 2026 | K26: Equity-method income | L26: 5
B27: period_end_date | C27: 46265 | K27: GAAP tax rate | L27: 0.15
B28: expected_report_date | C28: 46295 | K28: Non-GAAP: share compensation | L28: 355
B29: eps_normalized_mean | C29: 31.6 | K29: Non-GAAP: debt extinguishment | L29: 0
B30: eps_normalized_median | C30: 31.2 | K30: Non-GAAP: other | L30: 25
B31: eps_normalized_high | C31: 37.44 | K31: Non-GAAP: tax effects | L31: -80
B32: eps_normalized_low | C32: 28.04 | K32: GAAP weighted basic shares | L32: 1132
B33: eps_normalized_std_dev | C33: 1.41 | K33: Incremental diluted shares | L33: 17
B34: eps_normalized_n_est | C34: 33 | K34: Non-GAAP additional diluted | L34: 4
B35: eps_normalized_guidance
B36: eps_normalized_guidance_low | C36: 30
B37: eps_normalized_guidance_high | C37: 32
B38: eps_gaap_mean | C38: 31.58 | K38: Cash flow forecast drivers | L38: Value
B39: eps_gaap_median | C39: 31.01 | K39: Depreciation / amortization | L39: 2500
B40: eps_gaap_high | C40: 37.7 | K40: Other noncurrent asset increase | L40: 1500
B41: eps_gaap_low | C41: 27.99 | K41: Investing cash flow | L41: -9600
B42: eps_gaap_std_dev | C42: 2.03 | K42: Financing cash flow | L42: -600
B43: eps_gaap_n_est | C43: 18 | K43: FX cash flow | L43: 0
B44: eps_gaap_guidance_low | C44: 29.73 | K44: Dividends paid | L44: -170
B45: eps_gaap_guidance_high | C45: 31.73
B46: revenue_m_mean | C46: 51250.26 | K46: Liability increase excluding debt | L46: 4000
B47: revenue_m_median | C47: 50792 | K47: EPS beat probability | L47: 0.57
B48: revenue_m_high | C48: 59805 | K48: M&A or scope growth | L48: 0
B49: revenue_m_low | C49: 46911 | K49: FX growth | L49: 0
B50: revenue_m_std_dev | C50: 2044.89 | K50: Cloud gross margin forecast | L50: 0.852 | N50: Issuer FY2026 has 14-week 4Q ending 2026-09-03. Supplied target month-end label is August 31.
B51: revenue_m_n_est | C51: 35 | K51: Core gross margin forecast | L51: 0.885
B52: revenue_m_guidance_low | C52: 49000 | K52: Mobile gross margin forecast | L52: 0.882
B53: revenue_m_guidance_high | C53: 51000 | K53: Auto gross margin forecast | L53: 0.805
B54: ebitda_m_mean | C54: 44723.44 | K54: DRAM tech-growth excl days | L54: 0.15
B55: ebit_m_mean | C55: 42194.19 | K55: NAND tech-growth excl days | L55: 0.17
B56: net_income_excl_excep_m_mean | C56: 35951.27 | K56: Cash PP&E expenditures | L56: -10500
B57: net_income_gaap_m_mean | C57: 36026.28 | K57: Buyback program cash | L57: -200
B58: gross_margin_pct_mean | C58: 86.5 | K58: Employee-share withholding | L58: -200
B59: effective_tax_rate_pct_mean | C59: 15.04 | K59: Incremental receivables / sales | L59: 0.65
B60: capex_m_mean | C60: -10269.33 | K60: Inventory balance increase | L60: 1000
B61: fcf_m_mean | C61: 23822.36 | K61: Forecast confidence | L61: medium
B62: cfo_m_mean | C62: 33535.42
B63: d_and_a_m_mean | C63: 2660.54
B64: recommendation | C64: Buy | K64: Q3 normalized bit/price index | L64: 1
B65: recommendation_score | C65: 1.37
B66: last_close_price | C66: 1080.53
B67: notes | C67: Call scheduled 4:30 p.m. Sep 30. 52wk range 1255.00/154.65.
B68: target_price_mean | C68: 1515.54
B69: target_price_median | C69: 1545
B70: target_price_high | C70: 2200
B71: target_price_low | C71: 361
B72: target_price_std_dev | C72: 325.2
B73: target_price_n_est | C73: 46
N74: All 54 summary fields preserved; malformed target-price columns not used in model.
K80: FY25 reported total assets | L80: 82798 | M80: Year-ago basis | N80: DRAM | O80: NAND | P80: Other NOR | Q80: Cloud | R80: Core | S80: Mobile | T80: Auto | U80: All other | V80: Total revenue | W80: Cloud op FY ago | X80: Core op FY ago | Y80: Mobile op FY ago | Z80: Auto op FY ago
K81: 1Q26 reported total assets | L81: 85971 | M81: 1Q25A | N81: 6400 | O81: 2241 | P81: 68 | Q81: 2648 | R81: 2292 | S81: 2608 | T81: 1158 | U81: 3 | V81: 8709 | W81: 1066 | X81: 871 | Y81: 379 | Z81: 78
K82: 2Q26 reported total assets | L82: 101509 | M82: 2Q25A | N82: 6123 | O82: 1855 | P82: 75 | Q82: 2947 | R82: 1830 | S82: 2236 | T82: 1034 | U82: 6 | V82: 8053 | W82: 1320 | X82: 611 | Y82: 16 | Z82: 61
K83: 3Q26 reported total assets | L83: 134112 | M83: 3Q25A | N83: 7071 | O83: 2155 | P83: 75 | Q83: 3386 | R83: 1530 | S83: 3255 | T83: 1127 | U83: 3 | V83: 9301 | W83: 1573 | X83: 307 | Y83: 482 | Z83: 126
M84: FY24A | N84: 17603 | O84: 7227 | P84: 281 | Q84: 3792 | R84: 4984 | S84: 11667 | T84: 4631 | U84: 37 | V84: 25111 | W84: 244 | X84: 255 | Y84: -1 | Z84: 432
M85: 4Q24A | Q85: 1449 | R85: 2048 | S85: 3019 | T85: 1230 | U85: 4 | V85: 7750
K86: FY25 reported total revenue (10-K) | L86: 37378
M87: Year-ago comparison amounts: 2026Q1/Q2/Q3 SEC 10-Q comparative revenue tables; FY24 annual and FY24Q4 FY25 10-K / FY25 Q4 release. Quarterly technology 4Q24 is not separately available here.
M89: FY25 9mo comparative | N89: FY2025 nine-month unit COGS, R&D, SG&A, other expense, and operating income from 2026-05-28 SEC 10-Q comparative table. Subtract once from audited FY25 annual report. | O89: Core | P89: Mobile | Q89: Auto
M90: Cost of goods sold | N90: 4025 | O90: 3072 | P90: 6260 | Q90: 2579
M91: Research & development | N91: 851 | O91: 644 | P91: 671 | Q91: 330
M92: Selling, general & admin | N92: 146 | O92: 147 | P92: 290 | Q92: 144
M93: Other operating expenses | N93: 0 | O93: 0 | P93: 1 | Q93: 1
M94: Operating income | N94: 3959 | O94: 1789 | P94: 877 | Q94: 265
